Cogmind - Beta 15 @@@ ROGUE MODE // 2025.08.08 @ 13:09:03 Player: C0-2MO Result: Destroyed by Executioner with Helical Railgun Performance ------------- Evolutions (8) 4000 Regions Visited (34) 6800 Robots Destroyed (208) 1040 Value Destroyed (7886) 7886 Prototype IDs (159) 3180 Alien Tech Used (8) 1600 Bonus (28358) 28358 TOTAL SCORE: 52864 Bonus ------- High Alert Combat Kills 1789 Follower Combat Kills 1823 Entered Garrisons 600 Used RIF Installer 500 Network Hubs Disabled 400 Registered with UFD 300 Met Optimus in HQ 500 Met Zhirov 300 Built Enhanced Grunts 300 A7 Reached Mainframe 300 Found Hidden Lab 3000 Used Core Reset Matrix 3000 Pursued by Intercept 500 Destroyed Superfortress 15000 Met Optimus at Protoforge 1000 Friendly Fire -954 Cogmind --------- Core Integrity 0/1450 Matter 79/300 Energy 13/100 System Corruption 33% Temperature Cool (0) Movement Rolling (90) Ox2 Location -2/Protoforge Parts ------- > --- POWER (2) -------- (None) > --- PROPULSION (8) --- Overtuned Medium Treads Overtuned Medium Treads Overtuned Medium Treads Overtuned Huge Scrapsphere (fused) Overtuned Huge Scrapsphere > --- UTILITY (10) ----- 0bPrime Scrap Suit High-capacity Storage Unit Experimental Optical Array Advanced Targeting Computer Experimental Core Analyzer Makeshift Heavy Armor Plating Graphene Brace (fused) Improved Remote Force Field > --- WEAPON (5) ------- Overtuned Coil Gun Overtuned Coil Gun Overtuned Railgun Helical Railgun Helical Railgun > --- INVENTORY (20) --- Improved Quantum Reactor 0bPrime Scrap Suit Transdimensional Reconstructor Overtuned Coil Gun Overtuned Coil Gun UFD Drillbomb Peak State ------------ > --- POWER ------------ Overtuned Antimatter Reactor Improved Quantum Reactor > --- PROPULSION ------- Overtuned Medium Treads Overtuned Medium Treads Overtuned Medium Treads Overtuned Medium Treads Overtuned Huge Scrapsphere Overtuned Huge Scrapsphere > --- UTILITY ---------- 0bPrime Scrap Suit High-capacity Storage Unit Experimental Optical Array Advanced Targeting Computer Experimental Core Analyzer Makeshift Heavy Armor Plating Graphene Brace Improved Remote Force Field > --- WEAPON ----------- Overtuned Coil Gun Helical Railgun Helical Railgun Helical Railgun Helical Railgun > --- INVENTORY -------- Improved Quantum Reactor 0bPrime Scrap Suit Transdimensional Reconstructor Overtuned Coil Gun Overtuned Coil Gun Overtuned Coil Gun Overtuned Coil Gun Overtuned Railgun UFD Drillbomb [Rating: 190] Favorites ----------- Power Micro Antimatter Reactor Engine Light Deuterium Engine Power Core Micro Nuclear Core Reactor Micro Antimatter Reactor Propulsion Impulse Thruster Array Treads Overtuned Medium Treads Leg Myomer Leg Wheel Overtuned Huge Scrapsphere Hover Unit Combat Airjet Flight Unit Impulse Thruster Array Utility Advanced Hacking Suite Device Graphene Brace Storage Medium Storage Unit Processor Advanced Signal Interpreter Hackware Advanced Hacking Suite Protection Centrium Light Armor Plating Weapon Linked Autogun Energy Gun EM Pulse Gun Energy Cannon Ion Cannon Ballistic Gun Linked Autogun Ballistic Cannon Advanced Assault Cannon Launcher Mini Grenade Launcher Special Weapon Remote Datajack Impact Weapon Hammer Slashing Weapon Ionic Axe Piercing Weapon Plasma Lance Special Melee Weapon Improved Datajack Build | -11 -10 -10 -9 -9 -8 -8 -8 -8 -6 -6 -6 -6 -6 -6 -6 -5 -5 -5 -5 -5 -5 -5 -5 -4 -4 -4 -3 -3 -3 -3 -3 -2 -2 -2 ------- Run | Yrd Mat Min Mat Min Mat Sto Rec Scr Fac Was Fac Ext Cet Arc Hub Fac Was Fac Gar Fac Upp Upp Zhi Pro Fac Gar Res Gar Res Arm Lab Res Qua Frg Slots Evolved 16 | . . . 2 . 2 . . . 4 . . . . . . 2 . . . . . . . . 2 . 2 . . . . 2 . . Power 1 | . . . . . . . . . . . . . . . . . . . . . . . . . 1 . . . . . . . . . Propulsion 6 | . . . 1 . 1 . . . 2 . . . . . . 1 . . . . . . . . 1 . . . . . . . . . Utility 6 | . . . 1 . 1 . . . 2 . . . . . . 1 . . . . . . . . . . 1 . . . . . . . Weapon 3 | . . . . . . . . . . . . . . . . . . . . . . . . . . . 1 . . . . 2 . . Parts Attached 359 | 4 15 1 19 2 14 9 1 3 9 . 15 11 9 8 7 21 . 12 1 22 1 . . . 20 2 18 1 3 9 4 6 3 109 Power 29 | . 2 . 1 . 1 1 . . . . 1 . 1 1 1 1 . 1 . 1 1 . . . 4 . 4 . . . . 1 . 7 Engine 5 | . 2 . 1 . . . . . . . . . . 1 . . . . . . . . . . 1 . . . . . . . . . Core 5 | . . . . . 1 1 . . . . . . . . 1 1 . . . . 1 . . . . . . . . . . . . . Reactor 19 | . . . . . . . . . . . 1 . 1 . . . . 1 . 1 . . . . 3 . 4 . . . . 1 . 7 Propulsion 126 | 2 6 1 10 . 5 5 . 1 1 . 4 6 3 4 5 9 . 3 . 13 . . . . 5 . 6 . . 5 . . . 32 Treads 14 | 2 . . . . . . . . . . . . 3 . . . . . . . . . . . . . . . . . . . . 9 Leg 7 | . . . . . . . . . . . . 5 . . . . . . . . . . . . . . . . . . . . . 2 Wheel 2 | . . . . . . . . . . . . . . . . . . . . . . . . . . . . . . . . . . 2 Hover 8 | . . . . . . . . . . . 1 1 . 4 . . . . . 1 . . . . . . . . . . . . . 1 Flight 95 | . 6 1 10 . 5 5 . 1 1 . 3 . . . 5 9 . 3 . 12 . . . . 5 . 6 . . 5 . . . 18 Utility 125 | 1 3 . 2 2 6 . 1 2 7 . 9 1 3 3 . 8 . 7 1 6 . . . . 6 1 6 . 2 3 2 5 2 36 Device 60 | 1 1 . 2 2 2 . . . 2 . 8 1 1 2 . 4 . 5 1 2 . . . . 2 1 2 . 1 1 . 2 2 15 Storage 10 | . 1 . . . 1 . . 1 . . . . . . . 1 . . . 1 . . . . 2 . . . 1 . . . . 2 Processor 21 | . 1 . . . 2 . . . 4 . 1 . . . . 2 . . . . . . . . . . 1 . . 1 . . . 9 Hackware 19 | . . . . . 1 . 1 1 1 . . . 1 1 . 1 . 2 . 1 . . . . 1 . 2 . . 1 1 2 . 2 Protection 15 | . . . . . . . . . . . . . 1 . . . . . . 2 . . . . 1 . 1 . . . 1 1 . 8 Artifact . | . . . . . . . . . . . . . . . . . . . . . . . . . . . . . . . . . . . Weapon 79 | 1 4 . 6 . 2 3 . . 1 . 1 4 2 . 1 3 . 1 . 2 . . . . 5 1 2 1 1 1 2 . 1 34 Energy Gun 6 | 1 . . . . . . . . . . . . . . . . . . . . . . . . . . 1 . . . 2 . . 2 Energy Cannon 4 | . . . . . . . . . 1 . . 1 . . . . . . . . . . . . . . . 1 . . . . . 1 Ballistic Gun 31 | . 2 . 2 . 1 1 . . . . . . 2 . . 1 . . . . . . . . . . . . . . . . . 22 Ballistic Cannon 1 | . . . . . . . . . . . . . . . 1 . . . . . . . . . . . . . . . . . . . Launcher 5 | . 1 . 1 . . . . . . . . 1 . . . . . . . . . . . . 1 . . . . 1 . . . . Special Weapon 11 | . . . . . . . . . . . . . . . . 1 . . . 1 . . . . . . . . 1 . . . . 8 Impact Weapon 5 | . 1 . 2 . 1 . . . . . . . . . . . . . . . . . . . 1 . . . . . . . . . Slashing Weapon 12 | . . . 1 . . 1 . . . . 1 2 . . . 1 . 1 . 1 . . . . 2 1 . . . . . . 1 . Piercing Weapon 1 | . . . . . . . . . . . . . . . . . . . . . . . . . . . . . . . . . . 1 Special Melee Weapon 3 | . . . . . . 1 . . . . . . . . . . . . . . . . . . 1 . 1 . . . . . . . Unidentified Prototypes 39 | . 1 . 3 1 . 1 . . 2 . 3 . 3 . . . . 1 . 1 1 . 1 . 4 . 2 . 1 . 5 . 1 8 Corrupted Parts 7 | . . . . . . . 1 . . . . . 5 . . . . . . . . . . . 1 . . . . . . . . . System Corruption 24 | . . . . . . . 2 . . . . . 15 . . . . . . . . . . . 7 . . . . . . . . . Parts Lost 108 | . . 1 5 . 5 1 . . 2 . 4 5 7 4 4 4 . 4 6 5 . . . . 3 1 3 1 4 5 . 1 2 31 Power 11 | . . . . . . 1 . . . . . . 1 1 . 1 . . . . . . . . 1 1 . . . . . . . 5 Propulsion 50 | . . 1 5 . 1 . . . 1 . 3 4 5 2 3 3 . 2 4 2 . . . . . . 2 . 1 2 . . . 9 Utility 33 | . . . . . 1 . . . 1 . 1 1 . 1 1 . . 2 1 2 . . . . 1 . 1 . 3 3 . . 2 12 Weapon 14 | . . . . . 3 . . . . . . . 1 . . . . . 1 1 . . . . 1 . . 1 . . . 1 . 5 Highest Loss Streak 7 | . . 1 1 . 5 1 . . 2 . 3 2 7 4 4 2 . 3 4 3 . . . . 1 1 2 1 3 4 . 1 2 6 To Critical Strikes 1 | . . . . . . . . . . . . . . . . . . . . 1 . . . . . . . . . . . . . . Average Backups 7 | 1 6 7 5 5 5 7 7 8 7 10 9 9 9 9 4 4 5 8 8 8 8 8 8 10 10 14 14 15 14 14 13 14 13 5 Power . | . 1 1 . . . . . . . . . . . . . 1 . 1 1 . 1 2 1 1 . 2 1 3 2 3 3 3 4 . Propulsion . | . 2 3 2 2 1 2 2 2 . . . . . . . . . . . . . . . . . 1 2 2 1 . . . . . Utility 3 | . 1 1 . . . 2 3 4 4 5 5 5 4 4 2 1 2 5 6 6 6 5 5 7 7 9 6 6 5 5 6 4 4 1 Weapon 2 | . . 1 2 3 1 2 2 2 2 3 2 2 3 3 1 1 2 2 1 1 1 1 1 1 . 1 2 3 2 3 3 3 2 2 Tool/Special . | . . . . . . . . . . . . . . . . . . . . . . . . . . . . . . . . . . . Unused Backups 29 | . 1 . 3 . 2 2 1 1 1 . 1 . . 1 . 3 . 1 . . . . . . . . 1 . . 1 . . 1 9 Power 10 | . . . 1 . 2 . . . . . . . . . . 3 . 1 . . . . . . . . 1 . . 1 . . . 1 Propulsion 3 | . 1 . . . . 2 . . . . . . . . . . . . . . . . . . . . . . . . . . . . Utility 6 | . . . 1 . . . . 1 . . 1 . . . . . . . . . . . . . . . . . . . . . . 3 Weapon 6 | . . . 1 . . . 1 . 1 . . . . . . . . . . . . . . . . . . . . . . . . 3 Tool/Special 4 | . . . . . . . . . . . . . . 1 . . . . . . . . . . . . . . . . . . 1 2 Average Slot Usage (%) 78 | . 70 71 65 98 92 99 100 100 97 82 94 77 68 59 84 94 94 90 78 79 86 88 88 88 91 97 85 85 82 82 80 77 73 65 Core 1 | . . . . . 6 8 9 9 6 6 6 3 1 . 5 4 5 4 . . 1 5 5 5 3 . . . . . . . . . Reactor 3 | . . . . . . . . . . . . . 4 2 . . . . 3 4 3 . . . 3 5 8 9 9 9 8 8 8 4 Treads 2 | . 6 . . . . . . . . . . . 14 7 . . . . . . . . . . . . . . . . . . . 4 Flight 23 | . 21 28 27 33 35 36 36 36 39 33 35 17 . . 26 37 35 33 26 24 34 33 33 33 37 40 27 27 26 27 26 24 24 12 Device 10 | . 14 14 12 32 18 18 10 3 5 2 12 6 5 4 12 13 17 12 8 10 10 16 16 16 14 15 14 13 13 15 11 12 11 8 Storage 4 | . 10 14 1 . 4 9 9 9 6 6 6 6 6 5 . . 5 5 5 5 5 5 5 5 5 5 4 4 4 4 4 4 4 2 Processor 6 | . 1 . . . 2 . . . 8 13 5 2 . . . 4 5 5 5 5 5 5 5 5 5 5 8 9 7 4 8 8 8 10 Hackware 9 | . . . . . 5 9 16 23 15 13 13 13 16 20 26 19 11 14 17 14 11 11 11 11 10 10 9 9 9 11 10 12 12 5 Protection 2 | . . . . . . . . . . . . . 4 2 . . . . . 1 4 5 5 5 4 5 3 4 3 . . 2 2 4 Ballistic Gun 3 | . 2 . 2 . 7 7 . . . . . . 3 2 . 2 . . . . . . . . . . . . . . . . . 8 Impact Weapon 1 | . 9 14 6 . 7 8 . . . . . . . . . . . . . . . . . . . . . . . . . . . . Slashing Weapon 2 | . . . 4 11 . . 9 9 5 6 6 5 1 5 6 5 5 4 4 4 5 5 5 5 4 5 4 4 4 4 4 4 4 . Special Melee Weapon 1 | . . . . . . 1 9 9 5 . 5 5 . . . . . . . . . . . . . 2 3 3 . . . . . . Peak Build Rating 190 | 4 9 8 21 33 36 35 38 41 61 52 66 68 113 113 60 75 71 82 89 96 89 89 91 91 122 124 144 152 148 160 166 165 156 190 Average Rating 102 | 2 7 6 12 29 29 32 37 39 56 50 57 53 88 62 53 64 70 72 76 85 82 89 89 91 107 120 132 145 141 148 149 161 150 161 On Entrance 74 | . 4 8 7 21 33 27 35 38 40 49 52 64 68 113 40 45 69 71 79 43 78 89 89 91 91 121 116 144 143 142 140 159 156 139 Naked Turns . | . . . . . . . . . . . . . . . . . . . . . . . . . . . . . . . . . . . Heaviest Build 142 | 3 9 8 13 14 18 18 17 20 27 20 25 27 50 50 12 26 24 29 33 31 32 32 32 32 53 50 59 61 62 58 56 57 53 142 Greatest Support 240 | 3 8 8 15 15 20 20 20 20 29 24 30 115 240 240 25 39 25 44 44 49 40 40 46 46 55 53 62 62 65 62 61 64 61 100 Greatest Overweight (x) 5 | . 1 . 1 . . . . . 1 . . 5 1 1 . . . 1 . . . . . . 3 . . . . . . . . 3 Average Overweight (x) . | . . . . . . . . . . . . . . . . . . . . . . . . . . . . . . . . . . . Largest Inventory Capacity 20 | 5 8 8 8 5 8 8 8 10 10 10 10 10 10 10 5 10 10 10 10 10 10 10 10 10 15 15 15 15 15 15 15 15 15 20 Average Capacity 9 | 5 7 8 5 5 6 8 8 8 10 10 10 10 10 9 5 5 10 10 10 10 10 10 10 10 11 15 15 15 15 15 15 15 15 9 Most Carried 19 | 2 8 8 8 5 8 8 8 10 10 10 10 10 10 10 5 6 7 10 10 10 9 8 10 10 14 15 15 15 15 15 15 15 15 19 Average Carried 8 | 1 6 7 5 5 5 7 7 8 7 9 9 9 9 9 4 4 5 9 8 8 8 8 8 10 10 14 14 14 14 14 13 14 14 7 Final Capacity 20 | 5 8 8 5 5 8 8 8 10 10 10 10 10 10 5 5 10 10 10 10 10 10 10 10 10 15 15 15 15 15 15 15 15 15 20 Final Carried 16 | 2 8 7 5 5 8 8 8 10 10 10 10 9 9 4 4 4 7 10 9 10 8 8 10 10 14 15 15 15 14 14 15 15 15 16 Class Distribution -------------------- 20% | Hacker-Scout 15% | Hacker-Sprinter 13% | Scavenger-Tank 11% | Scavenger-Scrapper 7% | Sprinter 5% | Hacker-Ninja 5% | Scavenger-Mutant 4% | Mutant 4% | Commander-Sprinter 4% | Scavenger-Sprinter 3% | Hacker-Mutant Dominant Class ---------------- Sprinter | -10/Materials Mutant | -10/Mines Mutant | -9/Materials Infiltrator-Mutant | -9/Mines Sprinter | -8/Materials Commander-Sprinter | -8/Storage Commander-Sprinter | -8/Recycling Hacker-Sprinter | -8/Scraptown Hacker-Sprinter | -6/Factory Hacker-Sprinter | -6/Waste Hacker-Scout | -6/Factory Hacker-Mutant | -6/Extension Hacker-Mutant | -6/Cetus Hacker-Mutant | -6/Archives Hacker-Sprinter | -6/Hub_04(d) Hacker-Scout | -5/Factory Hacker-Scout | -5/Waste Hacker-Scout | -5/Factory Hacker-Sprinter | -5/Garrison Hacker-Scout | -5/Factory Hacker-Scout | -5/Upper Caves Hacker-Scout | -5/Upper Caves Hacker-Scout | -5/Zhirov Hacker-Scout | -4/Proximity Caves Hacker-Ninja | -4/Factory Hacker-Ninja | -4/Garrison Hacker-Ninja | -3/Research Hacker-Sprinter | -3/Garrison Hacker-Ninja | -3/Research Hacker-Sprinter | -3/Armory Hacker-Sprinter | -3/Lab Hacker-Sprinter | -2/Research Hacker-Scout | -2/Quarantine Scavenger-Tank | -2/Protoforge Resources | -11 -10 -10 -9 -9 -8 -8 -8 -8 -6 -6 -6 -6 -6 -6 -6 -5 -5 -5 -5 -5 -5 -5 -5 -4 -4 -4 -3 -3 -3 -3 -3 -2 -2 -2 ----------- Run | Yrd Mat Min Mat Min Mat Sto Rec Scr Fac Was Fac Ext Cet Arc Hub Fac Was Fac Gar Fac Upp Upp Zhi Pro Fac Gar Res Gar Res Arm Lab Res Qua Frg Matter Collected 9864 | 240 258 96 299 146 281 145 . 61 128 . 251 328 117 96 20 312 . 374 46 194 171 30 . 20 306 . 344 . 138 184 70 . 36 5173 Remotely . | . . . . . . . . . . . . . . . . . . . . . . . . . . . . . . . . . . . Salvage Created 9059 | 114 390 31 363 . 288 60 . . 130 . 106 587 147 180 551 213 . 424 120 194 70 . . . 280 . 311 . 38 50 . . 36 4376 Parts 458 | 4 31 5 26 . 28 5 . . 12 . 13 16 8 18 27 20 . 23 6 8 1 . . . 4 . 9 . . 1 . . 4 189 Haulers Intercepted 4 | . . . 1 . 1 . . . . . . . . . . . . . . . . . . . 1 . . . . . . . . 1 Recyclers Shooed 3 | . . . 1 . 1 . . . . . . . . . . . . 1 . . . . . . . . . . . . . . . . Parts Field Recycled . | . . . . . . . . . . . . . . . . . . . . . . . . . . . . . . . . . . . Retrieved Matter . | . . . . . . . . . . . . . . . . . . . . . . . . . . . . . . . . . . . Parts Self-Destructed 1 | . . . . . . . . . . . . . . . . . . . . . 1 . . . . . . . . . . . . . Prevented . | . . . . . . . . . . . . . . . . . . . . . . . . . . . . . . . . . . . Kills | -11 -10 -10 -9 -9 -8 -8 -8 -8 -6 -6 -6 -6 -6 -6 -6 -5 -5 -5 -5 -5 -5 -5 -5 -4 -4 -4 -3 -3 -3 -3 -3 -2 -2 -2 ------- Run | Yrd Mat Min Mat Min Mat Sto Rec Scr Fac Was Fac Ext Cet Arc Hub Fac Was Fac Gar Fac Upp Upp Zhi Pro Fac Gar Res Gar Res Arm Lab Res Qua Frg Combat Hostiles Destroyed 131 | . 11 4 14 . 11 . . . 1 . . 6 2 . 2 5 . 7 7 . 1 . . . . . 1 . 1 . . . . 58 Melee 13 | . . . . . . . . . 1 . . 3 . . . 5 . 1 . . 1 . . . . . 1 . 1 . . . . . Guns 70 | . 5 . 2 . 5 . . . . . . . . . . . . . . . . . . . . . . . . . . . . 58 Cannons 3 | . . . . . . . . . . . . 1 2 . . . . . . . . . . . . . . . . . . . . . AOE 43 | . 5 3 12 . 6 . . . . . . 2 . . 2 . . 6 7 . . . . . . . . . . . . . . . Classes Destroyed 23 | 2 4 . 4 . . . . . . . . . . . . . . 1 1 . . . . . . . 1 . . . . . . 10 Worker 9 | . 2 . . . . . . . . . . . . . 6 . . . . 1 . . . . . . . . . . . . . . Builder 13 | . . . 1 . 3 . . . 3 . 1 1 . . . 2 . . . . . . . . . . . . . . . . 2 . Tunneler 2 | 1 . . . . . . . . . . . . . . 1 . . . . . . . . . . . . . . . . . . . Hauler 4 | . . . 1 . 1 . . . . . . . . . . . . . . . . . . . 1 . . . . . . . . 1 Recycler 13 | 1 . . 1 . 1 . . . . . . 2 . . 2 . . 2 . 1 . . . . 1 . 2 . . . . . . . Carrier 1 | . . . . . . . . . . . . . . . . . . . . . . . . . . . . . . . . . . 1 Mechanic 6 | . . . . . . . . . . . . . . . . . . . . . . . . . . . . . . . . . . 6 Operator 8 | . . . 1 . 1 1 . . . . 1 1 . . 2 . . . . . . . . . . . . . . . . . . 1 Drone 13 | . . . . . . . . . . . . . . . . . . . . . . . . . . . 1 . 1 . . . . 11 Watcher 22 | . 3 . 2 . . 2 . . 2 . 3 . . . 1 2 . 2 . 1 . . . . 1 . 1 . 1 1 . . . . Swarmer 44 | . 3 4 8 . 8 . . . 1 . . . . . 2 5 . 5 . . . . . . . . . . . . . . . 8 Cutter 4 | . . . . . . . . . . . . . . . . . . . 4 . . . . . . . . . . . . . . . Grunt 33 | . 8 . 5 . 3 . . . . . . 6 . . . . . 1 3 . . . . . . . . . . . . . . 7 Brawler 3 | . . . . . . . . . . . . . . . . . . . . . . . . . . . . . . . . . . 3 Duelist 1 | . . . . . . . . . . . . . . . . . . . . . . . . . . . . . . . . . . 1 Protector 4 | . . . . . . . . . . . . . . . . . . . . . . . . . . . . . . . . . . 4 Sentry 2 | . . . 1 . . . . . . . . . . . . . . . . . 1 . . . . . . . . . . . . . Hunter 4 | . . . . . . . . . . . . . . . . . . . . . . . . . . . . . . . . . . 4 Programmer 5 | . . . . . . . . . . . . . . . . . . 1 . . . . . . . . . . . . . . . 4 Cetus Guard 2 | . . . . . . . . . . . . . 2 . . . . . . . . . . . . . . . . . . . . . Striker 6 | . . . . . . . . . . . . . . . . . . . . . . . . . . . . . . . . . . 6 Executioner 8 | . . . . . . . . . . . . . . . . . . . . . . . . . . . . . . . . . . 8 Elite 1 | . . . . . . . . . . . . . . . . . . . . . . . . . . . . . . . . . . 1 Scrapoid 3 | . . . . . . . . . . . . . . . . . . . . . . . . . . . . . . . . . . 3 Best Kill Streak 9 | 2 6 3 6 . 9 2 . . 2 . 2 7 2 . 8 3 . 7 7 2 1 . . . 1 . 1 . 1 1 . . 1 9 Combat Bots Only 9 | . 5 3 6 . 6 . . . 1 . . 4 2 . 2 3 . 6 7 . 1 . . . . . 1 . 1 . . . . 9 Max Kills in Single Turn 7 | 1 2 2 3 . 2 1 . . 1 . 1 1 1 . 7 1 . 3 6 1 1 . . . 1 . 1 . 1 1 . . 1 2 Gunslinging 1 | . . . . . . . . . . . . . . . . . . . . . . . . . . . . . . . . . . 1 Exploded 6 | . 2 2 3 . 2 . . . . . . 1 . . 2 . . 3 6 . . . . . . . . . . . . . . . Melee 1 | . . . . . . . . . 1 . . 1 . . . 1 . 1 . . 1 . . . . . 1 . 1 . . . . . Uniques/NPCs Destroyed . | . . . . . . . . . . . . . . . . . . . . . . . . . . . . . . . . . . . Combat | -11 -10 -10 -9 -9 -8 -8 -8 -8 -6 -6 -6 -6 -6 -6 -6 -5 -5 -5 -5 -5 -5 -5 -5 -4 -4 -4 -3 -3 -3 -3 -3 -2 -2 -2 -------- Run | Yrd Mat Min Mat Min Mat Sto Rec Scr Fac Was Fac Ext Cet Arc Hub Fac Was Fac Gar Fac Upp Upp Zhi Pro Fac Gar Res Gar Res Arm Lab Res Qua Frg Hostile Shots Fired 1595 | . 46 17 116 . 86 19 . . 15 . 62 33 29 . 53 52 . 50 26 96 8 . . 3 58 11 43 13 87 59 . 53 33 527 Missed 742 | . 14 5 54 . 26 8 . . 10 . 44 14 10 . 33 24 . 30 9 50 3 . . 2 31 9 26 8 50 39 . 37 23 183 Hits 853 | . 32 12 62 . 60 11 . . 5 . 18 19 19 . 20 28 . 20 17 46 5 . . 1 27 2 17 5 37 20 . 16 10 344 Melee 26 | . . . . . . . . . . . . . . . 2 3 . . 5 . . . . . . . . . . 1 . . . 15 Projectile 827 | . 32 12 62 . 60 11 . . 5 . 18 19 19 . 18 25 . 20 12 46 5 . . 1 27 2 17 5 37 19 . 16 10 329 AOE 5 | . . . . . . . . . . . . . . . . 2 . . 1 . . . . . 1 . . . . . . . . 1 Critical Strikes 41 | . . . . . 1 2 . . . . . 2 2 . 2 2 . . 2 6 2 . . . . . . . 2 2 . . . 16 Actively Blocked 29 | . . . . . . . . . . . . . . . 2 2 . . 2 3 . . . . . . . . 2 2 . . . 16 Part Disruptions 3 | . . . . . . . . . . . . . . . . . . . . . . . . . . . . . 1 . . . . 2 Actively Blocked 1 | . . . . . . . . . . . . . . . . . . . . . . . . . . . . . 1 . . . . . Damage Taken 19917 | . 334 133 785 . 703 144 . . 167 . 213 363 642 456 470 523 . 368 551 925 110 . . 22 653 35 664 67 679 691 . 314 233 9672 Core 3236 | . 84 40 303 . 185 19 . . 26 . 55 50 77 154 145 156 . 60 141 209 40 . . . 56 . 119 . 72 32 . 24 23 1166 Absorbed by Shields 1029 | . . . . . . . . . . . . 27 12 . . . . . . . . . . . . . . . . 32 . . . 958 Redirected to Shielding 897 | . . . . . . . . . . . . . . . . . . . . 113 15 . . . 236 . 148 . 217 . . 89 79 . Ignored by Resistances 41 | . . . . . . . . . . . . . . . . . . . . . . . . . . . . . . . . . . 41 Regen/Repaired (Parts) 1552 | . . . 62 . 24 . . . . . 141 . . . . 121 . 192 . 94 . . . . 220 . 130 . 222 54 . . 41 251 Core Remaining (%) 61 | 100 . 50 . 24 . . . 62 . . . . . . 40 . . . . . . . . 39 . 95 . . . . 82 . . . Volleys Fired 369 | 9 31 2 22 . 38 . . . 1 . 1 22 19 . 4 2 . 5 2 1 . . . . . . . 3 14 1 . 1 . 191 Largest 5 | 1 2 1 1 . 1 . . . 1 . 1 1 2 . 1 1 . 1 1 1 . . . . . . . 1 1 1 . 1 . 5 Hottest 300 | 40 40 30 30 . 30 . . . 90 . 90 90 70 . 40 5 . 49 49 7 . . . . . . . 98 98 49 . 10 . 300 Shots Fired 851 | 9 36 2 22 . 38 . . . 1 . 1 22 19 . 4 2 . 5 2 1 . . . . . . . 3 14 1 . 1 . 668 Gun 728 | 9 28 . 5 . 32 . . . . . . . 2 . . . . . . . . . . . . . . . . . . . . 652 Cannon 64 | . . . . . . . . . 1 . 1 19 17 . 4 . . . . . . . . . . . . 3 13 . . . . 6 Launcher 42 | . 8 2 17 . 6 . . . . . . 3 . . . . . 3 2 . . . . . . . . . . 1 . . . . Special 17 | . . . . . . . . . . . . . . . . 2 . 2 . 1 . . . . . . . . 1 . . 1 . 10 Kinetic 703 | . 10 . 5 . 32 . . . . . . . 2 . 4 . . . . . . . . . . . . . . . . . . 650 Thermal 62 | . . . . . . . . . 1 . 1 19 17 . . . . . . . . . . . . . . 3 13 . . . . 8 Explosive 42 | . 8 2 17 . 6 . . . . . . 3 . . . . . 3 2 . . . . . . . . . . 1 . . . . Electromagnetic 27 | 9 18 . . . . . . . . . . . . . . . . . . . . . . . . . . . . . . . . . Robot Hit Streak 18 | 4 7 3 4 . 8 . . . . . . 2 10 . . 1 . 1 2 3 . . . . . . . . 4 . . 5 . 18 Robot Miss Streak 13 | 1 2 1 4 . 5 . . . . . . 1 6 . . 5 . 3 . . . . . . . . . . . . . . . 13 Penetration Max 2 | . . . . . . . . . . . . . . . . . . . . . . . . . . . . . . . . . . 2 Secondary Targets 19 | . . . . . . . . . . . . . . . . . . . . . . . . . . . . . . . . . . 19 Max Gunslinging Chain 1 | . . . . . . . . . . . . . . . . . . . . . . . . . . . . . . . . . . 1 Shots Hit Robots 551 | 8 29 5 25 . 29 4 . . 13 . 8 35 10 7 2 17 . 9 2 4 7 . . . 10 . 10 . 5 4 . 1 2 305 Core Hits 352 | 3 27 3 26 . 26 1 . . 5 . 4 12 5 2 27 8 . 11 13 2 1 . . . 3 . 3 . 1 . . . 1 168 Critical Kills 11 | . . . . . . . . . . . . . . . . . . . . . . . . . . . . . . . . . . 11 Critical Parts Destroyed 12 | . . . . . . . . . . . . . . . . . . . . . . . . . . . . . . . . . . 12 Critical Strikes 32 | . . . 1 . . . . . . . . 1 . . . . . . . . 4 . . . 2 . . . . . . . . 24 Destroy 24 | . . . . . . . . . . . . . . . . . . . . . . . . . . . . . . . . . . 24 Sever 8 | . . . 1 . . . . . . . . 1 . . . . . . . . 4 . . . 2 . . . . . . . . . Melee Attacks 719 | . 24 12 65 . 23 20 . . 59 . 50 40 . 7 6 58 . 39 7 43 8 . . 1 78 1 63 4 30 36 3 13 10 19 Impact 110 | . 24 12 25 . 21 18 . . . . . . . . . . . . . . . . . . 10 . . . . . . . . . Slashing 570 | . . . 40 . 2 2 . . 56 . 48 23 . 7 6 58 . 39 7 43 8 . . 1 67 1 61 4 30 36 3 13 10 5 Piercing 14 | . . . . . . . . . . . . . . . . . . . . . . . . . . . . . . . . . . 14 Sneak Attacks 66 | . 2 1 6 . 1 2 . . 7 . 3 21 . . . 2 . 4 . 2 . . . . 4 . 4 . 2 1 . . 2 2 Combat Hostiles 5 | . 1 1 . . . . . . . . . 1 . . . . . 1 . . . . . . . . . . 1 . . . . . Follow-up Attacks . | . . . . . . . . . . . . . . . . . . . . . . . . . . . . . . . . . . . Damage Inflicted 26758 | 104 1238 290 1903 . 1177 257 . . 540 . 307 1557 299 730 1801 724 . 1206 1090 237 305 . . . 674 . 609 . 312 290 . . 214 10894 Guns 11238 | 104 260 . 57 . 316 . . . . . . . . . . . . . . . . . . . . . . . . . . . . 10501 Cannons 370 | . . . . . . . . . . . . 71 299 . . . . . . . . . . . . . . . . . . . . . Explosions 6769 | . 833 155 1019 . 703 . . . . . . 643 . . 1682 . . 643 1090 . . . . . . . . . . 1 . . . . Melee 8359 | . 145 135 827 . 158 257 . . 540 . 307 843 . 730 116 724 . 563 . 237 305 . . . 674 . 609 . 312 289 . . 214 374 Ramming 22 | . . . . . . . . . . . . . . . 3 . . . . . . . . . . . . . . . . . . 19 Kinetic 10897 | . 53 . 57 . 316 . . . . . . . . . . . . . . . . . . . . . . . . . . . . 10471 Thermal 943 | . 345 . . . . . . . . . . 71 299 . . . . 198 . . . . . . . . . . . . . . . 30 Explosive 4457 | . 488 155 932 . 703 . . . . . . 643 . . . . . 445 1090 . . . . . . . . . . 1 . . . . Electromagnetic 2080 | 104 207 . 87 . . . . . . . . . . . 1682 . . . . . . . . . . . . . . . . . . . Impact 609 | . 145 135 53 . 158 118 . . . . . . . . . . . . . . . . . . . . . . . . . . . . Slashing 7376 | . . . 774 . . 139 . . 540 . 307 843 . 730 116 724 . 563 . 237 305 . . . 674 . 609 . 312 289 . . 214 . Piercing 374 | . . . . . . . . . . . . . . . . . . . . . . . . . . . . . . . . . . 374 Highest Corruption 33 | . . . . . . . 2 . . 10 10 3 18 18 19 . . . 1 7 2 2 2 2 7 7 . . 2 18 18 4 1 33 Average Corruption 19 | . . . . . . . 2 . . 3 4 3 13 16 16 . . . 1 2 2 2 2 2 7 7 . . 1 4 18 2 1 27 Corruption Purged 41 | . . . . . . . . . . . 17 . . 2 . . . . . 5 . . . . . . . . . . . . . 17 Corruption Blocked 4 | . . . . . . . . . . . . . . . . . . . . . . . . . . . 4 . . . . . . . Effects 516 | . . . . . . . 7 . . . 14 9 16 9 6 . . . . 15 4 . 1 . 2 . . . 1 11 4 . 1 416 Message Errors 105 | . . . . . . . 2 . . . 3 1 4 1 2 . . . . 7 . . . . 1 . . . . . . . . 84 Matter Fused 136 | . . . . . . . 3 . . . 5 5 5 3 1 . . . . 4 2 . . . . . . . 1 5 . . 1 101 Heat Flow Errors 68 | . . . . . . . 1 . . . 2 . 2 1 . . . . . 2 1 . . . 1 . . . . 1 1 . . 56 Energy Discharges 56 | . . . . . . . . . . . . 2 1 1 1 . . . . 2 1 . . . . . . . . 1 1 . . 46 Parts Rejected 3 | . . . . . . . . . . . . . . . 1 . . . . . . . . . . . . . . . . . . 2 Parts Fused 7 | . . . . . . . . . . . . . . . . . . . . . . . . . . . . . . . 1 . . 6 Data Loss (minor) 57 | . . . . . . . 1 . . . 4 . 1 2 1 . . . . . . . . . . . . . . . 1 . . 47 Data Loss (major) 25 | . . . . . . . . . . . . 1 1 1 . . . . . . . . 1 . . . . . . 2 . . . 19 Alerts 12 | . . . . . . . . . . . . . 1 . . . . . . . . . . . . . . . . . . . . 11 Misdirections 15 | . . . . . . . . . . . . . . . . . . . . . . . . . . . . . . 2 . . . 13 Weapon Failures 32 | . . . . . . . . . . . . . 1 . . . . . . . . . . . . . . . . . . . . 31 Overload Shots . | . . . . . . . . . . . . . . . . . . . . . . . . . . . . . . . . . . . Overflow Damage 2049 | . 24 41 182 . 23 52 . . 117 . 47 267 . 270 24 93 . 119 100 38 . . . . 90 . 116 . 117 56 . . 90 183 Projectiles . | . . . . . . . . . . . . . . . . . . . . . . . . . . . . . . . . . . . Explosions 211 | . 22 . . . 23 . . . . . . 33 . . 9 . . 24 100 . . . . . . . . . . . . . . . Melee 1838 | . 2 41 182 . . 52 . . 117 . 47 234 . 270 15 93 . 95 . 38 . . . . 90 . 116 . 117 56 . . 90 183 Knockbacks 1 | . . 1 . . . . . . . . . . . . . . . . . . . . . . . . . . . . . . . . Impact 1 | . . 1 . . . . . . . . . . . . . . . . . . . . . . . . . . . . . . . . Kinetic . | . . . . . . . . . . . . . . . . . . . . . . . . . . . . . . . . . . . Secondary . | . . . . . . . . . . . . . . . . . . . . . . . . . . . . . . . . . . . Self-Inflicted Damage 388 | . . . 48 . . . . . . . . . . . 196 . . . 125 . . . . . . . . . . . . . . 19 Shots 8 | . . . 4 . . . . . . . . . . . 2 . . . 2 . . . . . . . . . . . . . . . Rammed 1 | . . . . . . . . . . . . . . . 1 . . . . . . . . . . . . . . . . . . . Targets Rammed 1 | . . . . . . . . . . . . . . . 1 . . . . . . . . . . . . . . . . . . . Kicked . | . . . . . . . . . . . . . . . . . . . . . . . . . . . . . . . . . . . Crushed . | . . . . . . . . . . . . . . . . . . . . . . . . . . . . . . . . . . . Highest Temperature 270 | . 16 . . . 17 9 115 . 54 . 195 270 229 184 4 184 . 28 1 214 128 . . . 219 2 8 120 200 92 64 . . 217 Average Temperature 53 | . 5 . . . 7 4 65 . 16 . 69 111 73 97 1 51 . 12 1 109 56 . . . 31 2 2 58 71 38 33 . . 78 Received Heat Transfer 1869 | . 135 45 198 . 243 81 . . . . 42 129 63 . 36 45 . 27 90 207 63 . . . 93 . 45 . 39 45 . 9 . 234 Effects 1 | . . . . . . . . . . . . 1 . . . . . . . . . . . . . . . . . . . . . . Energy Bleed 1 | . . . . . . . . . . . . 1 . . . . . . . . . . . . . . . . . . . . . . Siege Activations . | . . . . . . . . . . . . . . . . . . . . . . . . . . . . . . . . . . . Martial Activations . | . . . . . . . . . . . . . . . . . . . . . . . . . . . . . . . . . . . Shielding Activations . | . . . . . . . . . . . . . . . . . . . . . . . . . . . . . . . . . . . Robots Disrupted . | . . . . . . . . . . . . . . . . . . . . . . . . . . . . . . . . . . . Combat Hostiles . | . . . . . . . . . . . . . . . . . . . . . . . . . . . . . . . . . . . Robots Corrupted 4 | . 1 1 . . . 1 . . . . . . . . 1 . . . . . . . . . . . . . . . . . . . Combat Hostiles 2 | . 1 1 . . . . . . . . . . . . . . . . . . . . . . . . . . . . . . . . Parts Fried 16 | 1 . 1 . . . 3 . . . . . . 1 . 10 . . . . . . . . . . . . . . . . . . . Impact Corruptions 5 | . 1 2 1 . . 1 . . . . . . . . . . . . . . . . . . . . . . . . . . . . Robots Melted . | . . . . . . . . . . . . . . . . . . . . . . . . . . . . . . . . . . . Combat Hostiles . | . . . . . . . . . . . . . . . . . . . . . . . . . . . . . . . . . . . Parts Melted 3 | . . . . . . . . . . . . 1 . . . . . . . . . . . . . . . . . . . . . 2 Heat Transferred 980 | . 250 . . . . . . . . . . 100 443 . . . . 150 . . . . . . . . . . . . . . . 37 Parts Sabotaged 4 | . . . . . . . . . . . . . . . . . . . . . . . . . . . . . . . . . . 4 Parts Stolen . | . . . . . . . . . . . . . . . . . . . . . . . . . . . . . . . . . . . Parts Stripped . | . . . . . . . . . . . . . . . . . . . . . . . . . . . . . . . . . . . Power Chain Reactions 2 | . 1 . . . . . . . . . . . . . . . . . . 1 . . . . . . . . . . . . . . Alert | -11 -10 -10 -9 -9 -8 -8 -8 -8 -6 -6 -6 -6 -6 -6 -6 -5 -5 -5 -5 -5 -5 -5 -5 -4 -4 -4 -3 -3 -3 -3 -3 -2 -2 -2 ------- Run | Yrd Mat Min Mat Min Mat Sto Rec Scr Fac Was Fac Ext Cet Arc Hub Fac Was Fac Gar Fac Upp Upp Zhi Pro Fac Gar Res Gar Res Arm Lab Res Qua Frg Maximum Alert Level 4 | . 1 . 3 2 2 2 1 . . . 2 1 . 1 3 2 . 2 2 3 . . . . . . . . . 2 . 1 1 4 Low Security (%) 45 | 100 47 100 20 . 5 24 32 . 100 100 47 70 100 38 70 86 100 58 . 49 . . . . 100 100 100 100 100 46 . 85 72 11 Level 1 14 | . 52 . 9 80 49 55 67 . . . 49 29 . 61 . 9 . 17 4 20 . . . . . . . . . 43 . 14 27 . Level 2 33 | . . . 44 19 44 20 . . . . 3 . . . 25 3 . 24 95 29 . . . . . . . . . 9 . . . 72 Level 3 6 | . . . 25 . . . . . . . . . . . 4 . . . . . . . . . . . . . . . . . . 14 Level 4 . | . . . . . . . . . . . . . . . . . . . . . . . . . . . . . . . . . . 2 Level 5 . | . . . . . . . . . . . . . . . . . . . . . . . . . . . . . . . . . . . High Security . | . . . . . . . . . . . . . . . . . . . . . . . . . . . . . . . . . . . Max Security . | . . . . . . . . . . . . . . . . . . . . . . . . . . . . . . . . . . . Peak Influence 1409 | 10 344 184 1031 402 635 488 384 . 129 7 434 322 89 394 774 462 50 575 657 715 . . . . 198 133 105 192 146 468 . 261 275 1409 Initial 402 | . . 82 55 402 137 247 187 . . 7 . 209 89 . 95 386 50 21 402 339 . . . . 2 81 74 6 108 76 . . 141 148 Average 304 | 1 173 143 549 380 392 243 248 . 44 6 227 178 14 187 224 132 41 194 493 246 . . . . 88 90 28 58 36 223 . 80 196 514 Influence Increases 17097 | 10 626 230 1600 . 794 820 257 . 418 . 862 828 100 444 804 691 . 1190 305 1285 20 . . 45 818 62 456 196 385 995 . 311 214 2331 Destroy 0b10 Robot/C 3560 | . 220 160 340 . 220 220 40 . 80 . . 360 80 200 40 120 . 140 140 . 20 . . . . . 20 80 . 200 . . . 880 Destroy 0b10 Robot/NC 520 | 10 25 . 30 . 30 20 . . 25 . 25 20 5 40 60 20 . 20 . 15 . . . . 15 . 20 . 10 5 . . 10 115 Destroy Leader 490 | . 56 30 56 . 22 44 . . 14 . 6 30 . . 12 24 . 24 10 2 . . . . 4 . 12 10 2 12 . . . 120 Allied During Kill 628 | . . 11 4 . . 90 10 . 19 . . 233 8 175 . . . . . . . . . . . . 7 5 . 66 . . . . Trap Triggered on 0b10 30 | . . . . . . . . . . . . . . . . 10 . . . . . . . . 20 . . . . . . . . . Successful Hack 1555 | . 18 . 28 . 74 44 27 . 103 . 146 52 7 . 36 84 . 101 . 98 . . . . 230 . 183 . 120 75 . 26 27 76 Select Force Hacks 460 | . 60 . 90 . . . 180 . . . . . . . . . . . . 50 . . . . . . 30 . . 50 . . . . Disable Machine 780 | . 60 . 60 . 15 30 . . . . 15 . . 15 270 15 . 105 . 15 . . . . 45 . . . 15 60 . 15 45 . Anti-Garrison Action 500 | . . . . . . . . . . . 200 . . . . . . 200 50 . . . . . . . . 50 . . . . . . Destroy Structure 1989 | . 22 14 107 . 43 12 . . 42 . 35 28 . 14 236 58 . 120 75 70 . . . . 114 2 94 6 58 92 . 30 12 705 Partial Spotted 1125 | . . . 150 . 45 30 . . 75 . 75 15 . . 45 90 . 105 . 75 . . . . 150 30 75 . 90 . . 15 . 60 Lose Combat Pursuer 5460 | . 165 15 735 . 345 330 . . 60 . 360 90 . . 105 270 . 375 30 960 . . . 45 240 30 15 45 90 435 . 225 120 375 Influence Decreases 15688 | 10 413 301 711 679 559 927 631 106 397 21 434 1095 261 170 289 1335 115 645 233 1237 318 106 291 40 706 46 581 12 431 878 263 60 200 1187 Entered New Map 4642 | . . 131 87 629 215 340 293 106 . 14 . 219 72 . 179 403 95 9 173 308 258 76 291 . 3 36 59 2 84 70 263 . 110 117 Time Decay 6472 | 10 403 140 404 50 294 201 318 . 330 7 394 326 78 90 70 381 20 310 . 353 60 30 . 40 386 . 412 . 287 198 . 50 70 760 Search Patrol Dispatched 300 | . . . 150 . . . . . . . . . . . . . . . . 150 . . . . . . . . . . . . . . Lost Part 1031 | . . 10 50 . 50 10 . . 20 . 40 50 42 40 40 40 . 26 60 50 . . . . 23 10 30 10 40 50 . 10 20 310 Lost Ally 796 | . 10 20 20 . . 110 20 . 30 . . 200 69 40 . 45 . 20 . 10 . . . . 20 . 52 . 20 110 . . . . Purge Threat 2447 | . . . . . . 266 . . 17 . . 300 . . . 466 . 280 . 366 . . . . 274 . 28 . . 450 . . . . Squads Dispatched 198 | . 4 . 6 1 4 2 . . 10 . 19 4 . . 10 12 . 21 . 19 . . . . 17 . 20 . 9 6 . 5 3 26 Investigation 118 | . 4 . 5 1 3 1 . . 7 . 13 3 . . 9 8 . 13 . 13 . . . . 12 . 12 . 4 4 . 1 1 4 Extermination 33 | . . . . . . . . . 2 . 4 . . . . 2 . 3 . 4 . . . . 3 . 6 . 4 2 . 1 1 1 Reinforcement 24 | . . . 1 . 1 1 . . 1 . 2 1 . . 1 2 . 1 . 2 . . . . 2 . 1 . 1 . . 3 1 3 Assault 4 | . . . . . . . . . . . . . . . . . . 4 . . . . . . . . . . . . . . . . Garrison 1 | . . . . . . . . . . . . . . . . . . . . . . . . . . . 1 . . . . . . . Intercept 18 | . . . . . . . . . . . . . . . . . . . . . . . . . . . . . . . . . . 18 Searches Triggered 2 | . . . 1 . . . . . . . . . . . . . . . . 1 . . . . . . . . . . . . . . Construction Impeded 1 | . . . . . . . . . . . . 1 . . . . . . . . . . . . . . . . . . . . . . Haulers Reinforced 1 | . . . . . . . . . . . . . . . . . . . . . . . . . 1 . . . . . . . . . Active Scanning Responses . | . . . . . . . . . . . . . . . . . . . . . . . . . . . . . . . . . . . Cargo Convoy Interrupts . | . . . . . . . . . . . . . . . . . . . . . . . . . . . . . . . . . . . Stealth | -11 -10 -10 -9 -9 -8 -8 -8 -8 -6 -6 -6 -6 -6 -6 -6 -5 -5 -5 -5 -5 -5 -5 -5 -4 -4 -4 -3 -3 -3 -3 -3 -2 -2 -2 --------- Run | Yrd Mat Min Mat Min Mat Sto Rec Scr Fac Was Fac Ext Cet Arc Hub Fac Was Fac Gar Fac Upp Upp Zhi Pro Fac Gar Res Gar Res Arm Lab Res Qua Frg Distress Signals 62 | . 1 . 5 . 1 3 . . . . 4 1 1 1 1 1 . 2 . 2 . . . . 7 . 4 . 2 2 . 3 . 21 Communications Jammed 3 | . . . . . 3 . . . . . . . . . . . . . . . . . . . . . . . . . . . . . Distress Signals 3 | . . . . . 3 . . . . . . . . . . . . . . . . . . . . . . . . . . . . . Times Spotted 983 | . 26 7 72 . 42 31 . . 24 5 35 25 6 . 27 34 6 56 19 81 1 . . 3 55 6 36 12 49 40 . 27 18 240 Peak Tracking Total 24 | . 5 3 15 . 10 13 . . 6 6 9 6 5 . 24 7 6 13 13 17 1 . . 3 8 6 9 11 13 14 . 20 12 14 Tactical Retreats 166 | . 7 1 17 . 10 6 . . 2 . 9 3 . . 2 9 . 9 1 23 . . . 3 16 1 11 1 7 6 . 3 2 17 Traps | -11 -10 -10 -9 -9 -8 -8 -8 -8 -6 -6 -6 -6 -6 -6 -6 -5 -5 -5 -5 -5 -5 -5 -5 -4 -4 -4 -3 -3 -3 -3 -3 -2 -2 -2 ------- Run | Yrd Mat Min Mat Min Mat Sto Rec Scr Fac Was Fac Ext Cet Arc Hub Fac Was Fac Gar Fac Upp Upp Zhi Pro Fac Gar Res Gar Res Arm Lab Res Qua Frg Traps Triggered 38 | . 1 . 1 . 2 1 . . 6 . 6 4 . . 2 2 . 3 . 2 . . . . 3 3 . . . . . 1 . 1 Indirectly 2 | . . . . . . . . . . . . . . . 2 . . . . . . . . . . . . . . . . . . . Trap Hack Attempts 17 | . . . . . . 16 . . . . . 1 . . . . . . . . . . . . . . . . . . . . . . Triggered . | . . . . . . . . . . . . . . . . . . . . . . . . . . . . . . . . . . . Disarmed 16 | . . . . . . 7 . . . . . . . . . . . 3 . . . . . . 6 . . . . . . . . . Reprogrammed 19 | . . . . . . 2 . . . . . 1 . . . 6 . . . . . . . . 10 . . . . . . . . . Reused 3 | . . . . . . . . . . . . . . . . 1 . . . . . . . . 2 . . . . . . . . . Traps Extracted . | . . . . . . . . . . . . . . . . . . . . . . . . . . . . . . . . . . . Installed . | . . . . . . . . . . . . . . . . . . . . . . . . . . . . . . . . . . . Triggered 3 | . . . . . . . . . . . . . . . . 1 . . . . . . . . 2 . . . . . . . . . Machines | -11 -10 -10 -9 -9 -8 -8 -8 -8 -6 -6 -6 -6 -6 -6 -6 -5 -5 -5 -5 -5 -5 -5 -5 -4 -4 -4 -3 -3 -3 -3 -3 -2 -2 -2 ---------- Run | Yrd Mat Min Mat Min Mat Sto Rec Scr Fac Was Fac Ext Cet Arc Hub Fac Was Fac Gar Fac Upp Upp Zhi Pro Fac Gar Res Gar Res Arm Lab Res Qua Frg Machines Disabled 57 | . 4 . 4 . 1 2 . . . . 1 . . 1 18 1 . 7 . 1 . . . . 3 . . 1 1 4 1 1 3 3 Max in Single Turn 12 | . 4 . 1 . 1 1 . . . . 1 . . . 12 1 . 3 . 1 . . . . 1 . . 1 1 1 1 1 1 2 Garrison Access 17 | . . . . . . 1 . . 2 . 1 . . . 1 3 . 2 . . . . . . 2 . 2 . 1 . . . 1 1 Garrison Relay 1 | . . . . . . . . . . . . . . . . . . . . . . . . . . . . 1 . . . . . . Network Hub 2 | . . . . . . . . . . . . . . . 2 . . . . . . . . . . . . . . . . . . . Machines Repaired . | . . . . . . . . . . . . . . . . . . . . . . . . . . . . . . . . . . . Machines Dismantled . | . . . . . . . . . . . . . . . . . . . . . . . . . . . . . . . . . . . Machines Sabotaged . | . . . . . . . . . . . . . . . . . . . . . . . . . . . . . . . . . . . Overloaded Fab Kills 4 | . . . . . . . . . . . . . . . . . . . . . . . . . . . . . . 4 . . . . Hacking | -11 -10 -10 -9 -9 -8 -8 -8 -8 -6 -6 -6 -6 -6 -6 -6 -5 -5 -5 -5 -5 -5 -5 -5 -4 -4 -4 -3 -3 -3 -3 -3 -2 -2 -2 --------- Run | Yrd Mat Min Mat Min Mat Sto Rec Scr Fac Was Fac Ext Cet Arc Hub Fac Was Fac Gar Fac Upp Upp Zhi Pro Fac Gar Res Gar Res Arm Lab Res Qua Frg Machines Accessed 339 | . 9 . 13 1 14 13 12 2 23 . 33 15 1 . 11 25 . 32 1 27 . . 4 . 33 . 27 . 15 9 . 5 4 10 Terminals 185 | . 6 . 9 . 11 12 6 . 11 . 16 13 1 . 10 10 . 15 1 12 . . . . 17 . 11 . 9 5 . 4 2 4 Fabricators 18 | . . . . . . . . . 1 . 2 . . . . 3 . 1 . 4 . . . . 1 . 3 . 1 1 . 1 . . Repair Stations 25 | . 1 . 1 . 1 . . . . . 3 . . . . 2 . 3 . 4 . . . . 3 . 2 . 1 2 . . 1 1 Recycling Units 68 | . 2 . 1 . . . 6 . 8 . 8 2 . . . 6 . 8 . 7 . . . . 8 . 5 . 3 1 . . . 3 Scanalyzers 14 | . . . 2 . 2 . . . 1 . 2 . . . . 1 . 2 . . . . . . 1 . 2 . . . . . . 1 Garrison Access 22 | . . . . . . 1 . . 2 . 2 . . . 1 3 . 3 . . . . . . 3 . 4 . 1 . . . 1 1 Total Hacks 1263 | . 28 . 38 1 50 53 37 3 58 . 82 50 4 . 21 127 . 128 2 124 . . 17 . 167 . 94 . 65 40 . 26 15 33 Successful 859 | . 11 . 21 1 33 41 22 3 35 . 47 24 1 . 14 78 . 100 1 88 . . 17 . 130 . 60 . 45 28 . 22 12 25 Failed 401 | . 17 . 17 . 16 12 15 . 23 . 35 26 3 . 7 49 . 27 1 36 . . . . 37 . 34 . 20 12 . 4 2 8 Catastrophic 38 | . . . 2 . 1 . . . 4 . 5 1 1 . 2 4 . . . 3 . . . . . . 6 . 5 1 . . . 3 Database Lockouts 3 | . . . . . 1 . . . . . . . . . . . . 1 . . . . . . . . . . . . . . 1 . Manual 841 | . 27 . 31 . 38 42 31 . 41 . 61 35 1 . 18 69 . 78 2 83 . . . . 95 . 59 . 51 34 1 13 9 22 Terminals 953 | . 24 . 27 . 42 52 25 . 38 . 50 48 4 . 20 94 . 99 2 95 . . . . 133 . 60 . 52 34 . 20 13 21 Fabricators 54 | . . . . . . . . . 2 . 4 . . . . 4 . 2 . 12 . . . . 8 . 14 . 1 1 . 6 . . Repair Stations 61 | . 2 . 3 . 2 . . . . . 4 . . . . 12 . 4 . 8 . . . . 10 . 3 . 5 3 . . 1 4 Recycling Units 93 | . 2 . 1 . . . 12 . 13 . 12 2 . . . 7 . 8 . 9 . . . . 9 . 7 . 6 2 . . . 3 Scanalyzers 49 | . . . 7 . 6 . . . 3 . 7 . . . . 7 . 9 . . . . . . 4 . 3 . . . . . . 3 Garrison Access 32 | . . . . . . 1 . . 2 . 5 . . . 1 3 . 6 . . . . . . 3 . 7 . 1 . . . 1 2 Terminal Hacks 276 | . . . 1 1 10 21 5 3 10 . 5 7 1 . 2 23 . 34 . 32 . . 17 . 50 . 14 . 10 10 . 9 6 5 Record 9 | . . . . . . . . 3 . . . . . . . . . . . 1 . . 5 . . . . . . . . . . . Part Schematic 16 | . . . . . 1 2 1 . . . 2 . . . . 1 . . . . . . 4 . 3 . 1 . . . . . 1 . Robot Schematic 2 | . . . . . . . . . . . . . . . . . . . . 1 . . . . 1 . . . . . . . . . Robot Analysis 23 | . . . . . . 1 2 . 1 . . . . . . . . 4 . 1 . . 4 . 2 . 3 . 1 . . 2 1 1 Prototype ID Bank 24 | . . . . . 1 2 . . 3 . . . . . . 2 . 3 . 2 . . 4 . 6 . . . . . . 1 . . Open Door 13 | . . . . 1 . 4 . . . . 1 5 1 . . . . . . . . . . . . . . . . . . 1 . . Level Access Points 1 | . . . . . . . . . . . . . . . 1 . . . . . . . . . . . . . . . . . . . Branch Access Points 5 | . . . . . 1 1 . . . . . . . . . . . 1 . . . . . . 1 . . . . . . 1 . . Emergency Access Points 7 | . . . . . 1 . . . . . . . . . . . . 1 . 2 . . . . 1 . . . . 1 . . 1 . Machine Index 2 | . . . . . . . . . . . . . . . . . . 1 . . . . . . . . 1 . . . . . . . Terminal Index 12 | . . . 1 . 1 1 1 . 1 . . . . . . 1 . 1 . 1 . . . . 1 . . . 1 . . 1 . 1 Fabricator Index 4 | . . . . . . . . . . . . . . . . . . 1 . 1 . . . . 1 . . . . 1 . . . . Repair Station Index 3 | . . . . . . 1 . . . . . . . . . . . . . . . . . . 1 . . . 1 . . . . . Recycling Unit Index 4 | . . . . . . . . . . . . . . . . . . . . 1 . . . . . . . . . 1 . 1 . 1 Scanalyzer Index 4 | . . . . . 1 . . . . . . . . . . 1 . 1 . . . . . . . . . . 1 . . . . . Garrison Index 4 | . . . . . . . . . . . . . . . . 1 . . . 1 . . . . 1 . . . . . . 1 . . Alert Level 10 | . . . . . . 1 . . 1 . . . . . . 1 . . . 2 . . . . 2 . 2 . . . . . 1 . Unreport Threat 24 | . . . . . . 3 . . 1 . . 2 . . . 4 . 2 . 5 . . . . 3 . 1 . . 3 . . . . Locate Traps 24 | . . . . . 1 1 . . 1 . . . . . . 3 . 3 . 4 . . . . 9 . 2 . . . . . . . Disarm Traps 4 | . . . . . . 2 . . . . . . . . . . . 1 . . . . . . 1 . . . . . . . . . Reprogram Traps 3 | . . . . . . . . . . . . . . . . 1 . . . . . . . . 2 . . . . . . . . . Dispatch Records 1 | . . . . . . . . . . . . . . . . . . 1 . . . . . . . . . . . . . . . . Surveillance Status 1 | . . . . . . . . . . . . . . . . . . 1 . . . . . . . . . . . . . . . . Extermination Status 2 | . . . . . . . . . . . . . . . . . . 1 . 1 . . . . . . . . . . . . . . Reinforcement Status 1 | . . . . . . . . . . . . . . . . . . . . . . . . . 1 . . . . . . . . . Recall Investigation 3 | . . . . . . . . . . . . . . . . . . 2 . . . . . . 1 . . . . . . . . . Recall Extermination 10 | . . . . . . . . . . . . . . . . 1 . 1 . 2 . . . . 1 . 2 . 2 1 . . . . Recall Reinforcements 5 | . . . . . . . . . . . . . . . . 2 . 1 . . . . . . 1 . . . 1 . . . . . Hauler Manifests 4 | . . . . . . . . . . . 1 . . . . . . 1 . . . . . . 1 . 1 . . . . . . . Registered Components 4 | . . . . . . . . . . . . . . . . 1 . 1 . 1 . . . . 1 . . . . . . . . . Registered Prototypes 4 | . . . . . . . . . . . 1 . . . . . . 1 . . . . . . 1 . . . 1 . . . . . Zone Layout 43 | . . . . . 3 2 1 . 2 . . . . . 1 4 . 5 . 6 . . . . 8 . 1 . 2 3 . 1 2 2 Fabricator Hacks 32 | . . . . . . . . . 2 . 2 . . . . 4 . 1 . 5 . . . . 4 . 8 . 1 . . 5 . . Network Status 5 | . . . . . . . . . . . 1 . . . . 1 . . . 1 . . . . . . . . 1 . . 1 . . Load Schematic 16 | . . . . . . . . . 1 . 1 . . . . 1 . 1 . 3 . . . . 2 . 5 . . . . 2 . . Build 11 | . . . . . . . . . 1 . . . . . . 2 . . . 1 . . . . 2 . 3 . . . . 2 . . Repair Station Hacks 36 | . . . 2 . 2 . . . . . 2 . . . . 10 . 2 . 2 . . . . 6 . 3 . 4 . . . . 3 Scan Component 19 | . . . 1 . 1 . . . . . 1 . . . . 5 . 1 . 1 . . . . 3 . 2 . 2 . . . . 2 Repair 17 | . . . 1 . 1 . . . . . 1 . . . . 5 . 1 . 1 . . . . 3 . 1 . 2 . . . . 1 Recycling Unit Hacks 3 | . . . . . . . 3 . . . . . . . . . . . . . . . . . . . . . . . . . . . Retrieve Components 3 | . . . . . . . 3 . . . . . . . . . . . . . . . . . . . . . . . . . . . Scanalyzer 32 | . . . 3 . 3 . . . 2 . 3 . . . . 7 . 7 . . . . . . 3 . 1 . . . . . . 3 Insert Component 14 | . . . 1 . 2 . . . 1 . 2 . . . . 2 . 3 . . . . . . 1 . 1 . . . . . . 1 Analyze 18 | . . . 2 . 1 . . . 1 . 1 . . . . 5 . 4 . . . . . . 2 . . . . . . . . 2 Garrison Access Hacks 19 | . . . . . . 1 . . 2 . . . . . 1 3 . 2 . . . . . . 3 . 4 . 1 . . . 1 1 Unlock Access 4 | . . . . . . . . . . . . . . . . . . 1 . . . . . . 1 . 2 . . . . . . . Seal Access 15 | . . . . . . 1 . . 2 . . . . . 1 3 . 1 . . . . . . 2 . 2 . 1 . . . 1 1 Unauthorized Hacks 461 | . 11 . 15 . 18 19 14 . 19 . 35 17 . . 11 31 . 54 1 49 . . . . 64 . 30 . 29 18 . 8 5 13 Terminals 356 | . 9 . 11 . 18 19 8 . 12 . 22 15 . . 11 23 . 42 1 33 . . . . 53 . 19 . 25 14 . 7 4 10 Track 56 | . 1 . 2 . 3 5 . . . . 4 3 . . . 2 . 8 . 7 . . . . 11 . 2 . 4 2 . 1 . 1 Assimilate 32 | . 1 . . . 1 1 . . 1 . . 1 . . . 3 . 6 . 3 . . . . 4 . 3 . 3 . . 1 1 3 Botnet 119 | . 1 . 4 . 7 6 3 . 6 . 10 5 . . 2 8 . 13 . 11 . . . . 17 . 7 . 7 4 . 2 2 4 Disrupt 27 | . 1 . . . 1 2 . . . . 3 1 . . 1 2 . 3 . 2 . . . . 4 . . . 5 2 . . . . Operators 12 | . . . . . . . . . . . . . . . . 1 . 1 . 1 . . . . 4 . 1 . 1 1 . 1 . 1 Skim 101 | . 5 . 5 . 6 5 5 . 5 . 5 5 . . . 7 . 11 . 9 . . . . 13 . 6 . 5 5 . 2 1 1 Sabotage 8 | . . . . . . . . . . . . . . . 8 . . . . . . . . . . . . . . . . . . . Override 1 | . . . . . . . . . . . . . . . . . . . 1 . . . . . . . . . . . . . . . Fabricators 13 | . . . . . . . . . . . 2 . . . . . . 1 . 5 . . . . 1 . 2 . . 1 . 1 . . Prioritize 4 | . . . . . . . . . . . . . . . . . . . . 2 . . . . 1 . . . . . . 1 . . Liberate 2 | . . . . . . . . . . . 1 . . . . . . . . . . . . . . . 1 . . . . . . . Overload 2 | . . . . . . . . . . . . . . . . . . . . 1 . . . . . . . . . 1 . . . . Recompile 5 | . . . . . . . . . . . 1 . . . . . . 1 . 2 . . . . . . 1 . . . . . . . Repair Stations 17 | . . . 1 . . . . . . . 2 . . . . 2 . 2 . 4 . . . . 2 . . . 1 2 . . 1 . Mechanics 2 | . . . . . . . . . . . . . . . . 1 . . . 1 . . . . . . . . . . . . . . Patch 15 | . . . 1 . . . . . . . 2 . . . . 1 . 2 . 3 . . . . 2 . . . 1 2 . . 1 . Recycling Units 67 | . 2 . 1 . . . 6 . 7 . 8 2 . . . 6 . 8 . 7 . . . . 8 . 5 . 3 1 . . . 3 Tunnel 9 | . 2 . 1 . . . 6 . . . . . . . . . . . . . . . . . . . . . . . . . . . Fedlink 58 | . . . . . . . . . 7 . 8 2 . . . 6 . 8 . 7 . . . . 8 . 5 . 3 1 . . . 3 Scanalyzers 3 | . . . 2 . . . . . . . . . . . . . . . . . . . . . . . 1 . . . . . . . Extract 3 | . . . 2 . . . . . . . . . . . . . . . . . . . . . . . 1 . . . . . . . Garrison Access 5 | . . . . . . . . . . . 1 . . . . . . 1 . . . . . . . . 3 . . . . . . . Broadcast 1 | . . . . . . . . . . . . . . . . . . . . . . . . . . . 1 . . . . . . . Reprogram 2 | . . . . . . . . . . . . . . . . . . . . . . . . . . . 2 . . . . . . . Jam 2 | . . . . . . . . . . . 1 . . . . . . 1 . . . . . . . . . . . . . . . . Data Cores Recovered 5 | . . . . . 1 . . . . . 1 1 . . 1 . . . . . . . . . . . . . . . . . . 1 Used . | . . . . . . . . . . . . . . . . . . . . . . . . . . . . . . . . . . . Hacking Detections 199 | . 7 . 11 . 13 9 8 . 15 . 20 8 1 . 4 11 . 16 . 12 . . . . 20 . 15 . 10 7 . 4 2 6 Full Trace Events 14 | . 1 . 2 . 2 . . . . . 1 1 . . 1 . . 1 . . . . . . 1 . 4 . . . . . . . Feedback Events . | . . . . . . . . . . . . . . . . . . . . . . . . . . . . . . . . . . . Feedback Blocked . | . . . . . . . . . . . . . . . . . . . . . . . . . . . . . . . . . . . Robot Schematics Acquired 3 | . . . . . . . . . . . . . . . . . . . . 1 . . . . 1 . . . . . . . . 1 Robots Built 3 | . . . . . . . . . . . . . . . . 3 . . . . . . . . . . . . . . . . . . Authchips . | . . . . . . . . . . . . . . . . . . . . . . . . . . . . . . . . . . . Time 134 | . . . . . . . . . . . . . . . . 134 . . . . . . . . . . . . . . . . . . Total Robot Build Rating 12 | . . . . . . . . . . . . . . . . 12 . . . . . . . . . . . . . . . . . . Part Schematics Acquired 38 | . . . 9 . 1 2 1 . 1 . 3 . . . . 3 . 3 . . . . 4 . 4 . 2 . . . . . 1 4 Parts Built 13 | . . . . . . . . . 2 . . . . . . 2 . . . 1 . . . . 2 . 4 . . . . 2 . . Authchips 8 | . . . . . . . . . 1 . . . . . . 1 . . . 1 . . . . 1 . 2 . . . . 2 . . Time 438 | . . . . . . . . . 24 . . . . . . 47 . . . 64 . . . . 84 . 160 . . . . 59 . . Total Part Build Rating 78 | . . . . . . . . . 6 . . . . . . 10 . . . 8 . . . . 12 . 29 . . . . 13 . . Parts Repaired 17 | . . . 1 . 1 . . . . . 1 . . . . 5 . 1 . 1 . . . . 3 . 1 . 2 . . . . 1 Time 786 | . . . 32 . 136 . . . . . 62 . . . . 119 . 68 . 18 . . . . 74 . 40 . 169 . . . . 68 Parts Recycled . | . . . . . . . . . . . . . . . . . . . . . . . . . . . . . . . . . . . Recycled Matter . | . . . . . . . . . . . . . . . . . . . . . . . . . . . . . . . . . . . Retrieved Matter . | . . . . . . . . . . . . . . . . . . . . . . . . . . . . . . . . . . . Retrieved Components 8 | . . . . . . . 8 . . . . . . . . . . . . . . . . . . . . . . . . . . . Parts Scanalyzed 11 | . . . 1 . 1 . . . 1 . 1 . . . . 2 . 3 . . . . . . 1 . . . . . . . . 1 Part Schematics Acquired 10 | . . . 1 . . . . . 1 . 1 . . . . 2 . 3 . . . . . . 1 . . . . . . . . 1 Parts Damaged 2 | . . . . . 1 . . . . . . . . . . 1 . . . . . . . . . . . . . . . . . . Bothacking | -11 -10 -10 -9 -9 -8 -8 -8 -8 -6 -6 -6 -6 -6 -6 -6 -5 -5 -5 -5 -5 -5 -5 -5 -4 -4 -4 -3 -3 -3 -3 -3 -2 -2 -2 ------------ Run | Yrd Mat Min Mat Min Mat Sto Rec Scr Fac Was Fac Ext Cet Arc Hub Fac Was Fac Gar Fac Upp Upp Zhi Pro Fac Gar Res Gar Res Arm Lab Res Qua Frg Used RIF Installer 1 | . . . . . . . . . . . . . . . . . . . . . . . . . . 1 . . . . . . . . Robots Hacked 7 | . . . . . . . . . 3 . 1 2 . . . 1 . . . . . . . . . . . . . . . . . . Non-combat 7 | . . . . . . . . . 3 . 1 2 . . . 1 . . . . . . . . . . . . . . . . . . Combat . | . . . . . . . . . . . . . . . . . . . . . . . . . . . . . . . . . . . Robot Hacks Applied 7 | . . . . . . . . . 3 . 1 2 . . . 1 . . . . . . . . . . . . . . . . . . parse_system 1 | . . . . . . . . . . . 1 . . . . . . . . . . . . . . . . . . . . . . . no_distress 2 | . . . . . . . . . . . . 2 . . . . . . . . . . . . . . . . . . . . . . find_chute 3 | . . . . . . . . . 3 . . . . . . . . . . . . . . . . . . . . . . . . . check_alert 1 | . . . . . . . . . . . . . . . . 1 . . . . . . . . . . . . . . . . . . Relay Couplers Released 5 | . . . . . . . . . . . . . . . . . . . . . . . . . . . . 5 . . . . . . Machine Destruction 5 | . . . . . . . . . . . . . . . . . . . . . . . . . . . . 5 . . . . . . Fabnet Peak Effective % . | . . . . . . . . . . . . . . . . . . . . . . . . . . . . . . . . . . . Robots Rewired 21 | . . . . . . . . . . . . 12 . . . . . . . . . . . . . . . . . 9 . . . . Allies Hacked 2 | . . . . . . . . . . . . . . . . 2 . . . . . . . . . . . . . . . . . . Hacks Repelled . | . . . . . . . . . . . . . . . . . . . . . . . . . . . . . . . . . . . Allies | -11 -10 -10 -9 -9 -8 -8 -8 -8 -6 -6 -6 -6 -6 -6 -6 -5 -5 -5 -5 -5 -5 -5 -5 -4 -4 -4 -3 -3 -3 -3 -3 -2 -2 -2 -------- Run | Yrd Mat Min Mat Min Mat Sto Rec Scr Fac Was Fac Ext Cet Arc Hub Fac Was Fac Gar Fac Upp Upp Zhi Pro Fac Gar Res Gar Res Arm Lab Res Qua Frg Total Allies 68 | . 1 2 . . 1 11 . . 1 . . 18 5 . . 5 . 4 . 1 . . . . 2 . 6 . 2 9 . . . . Largest Group 10 | . 1 2 1 . 1 10 5 4 4 . . 9 8 6 . 4 . 2 . 1 . . . . 1 . 2 1 2 4 1 . . . Highest-Rated Group 639 | . 10 49 31 . 26 173 93 77 77 . . 343 639 639 . 116 . 36 . 26 . . . . 26 . 112 56 90 226 42 . . . Highest-Rated Ally 159 | . 10 31 31 . 26 29 29 29 29 . . 159 159 159 . 30 . 26 . 26 . . . . 26 . 56 56 45 64 42 . . . Total Orders 10 | . . . . . 1 . . 1 1 . . . 1 3 . . . . . . . . . . . . . . . 2 1 . . . STAY 5 | . . . . . 1 . . 1 1 . . . . . . . . . . . . . . . . . . . . 1 1 . . . ROAM 2 | . . . . . . . . . . . . . 1 1 . . . . . . . . . . . . . . . . . . . . FOLLOW 2 | . . . . . . . . . . . . . . 2 . . . . . . . . . . . . . . . . . . . . GUARD 1 | . . . . . . . . . . . . . . . . . . . . . . . . . . . . . . 1 . . . . Ally Attacks 395 | . . 12 13 . . 78 8 . 28 . . 112 38 44 . 9 . . . . . . . . . . 8 5 . 38 2 . . . Total Damage 9126 | . . 248 162 . . 947 118 . 283 . . 1991 841 2304 . 213 . . . . . . . . . . 384 204 . 1371 60 . . . Kills 68 | . . 4 3 . . 12 2 . 3 . . 12 3 13 . 1 . . . . . . . . . . 1 4 . 10 . . . . Allies Corrupted 1 | . . . . . . . . . . . . . . . . . . . . . . . . . . . . . . . 1 . . . Allies Melted 5 | . . . . . . . . . . . . . . . . . . . . . . . . . . . . . 1 . . . . 4 Intel | -11 -10 -10 -9 -9 -8 -8 -8 -8 -6 -6 -6 -6 -6 -6 -6 -5 -5 -5 -5 -5 -5 -5 -5 -4 -4 -4 -3 -3 -3 -3 -3 -2 -2 -2 ------- Run | Yrd Mat Min Mat Min Mat Sto Rec Scr Fac Was Fac Ext Cet Arc Hub Fac Was Fac Gar Fac Upp Upp Zhi Pro Fac Gar Res Gar Res Arm Lab Res Qua Frg Active Infowar (turns) 21973 | 11 1110 297 967 103 656 432 705 147 790 22 976 647 83 18 153 786 52 919 30 1046 128 74 48 80 1077 3 1217 8 882 361 74 207 151 7713 Optics 8647 | . 152 . . . . . . . 316 22 . . . . . . . . . . . . . . . . . . . 12 74 207 151 7713 Sensors 10732 | . . . . 66 375 432 705 19 788 15 972 647 83 . . 786 52 634 . 889 128 74 48 80 1066 3 1213 6 859 349 . 20 151 272 Terrain 32 | . . . . . . . . . . . . . . . . 32 . . . . . . . . . . . . . . . . . . Structural 8171 | . . . 128 103 616 432 105 128 . . 539 . . 18 153 711 52 912 30 825 123 74 48 80 951 . 1016 . 835 . . . 94 198 Seismic 2421 | 11 1110 297 967 36 . . . . . . . . . . . . . . . . . . . . . . . . . . . . . . Machine Analysis 142 | . . . . . 142 . . . . . . . . . . . . . . . . . . . . . . . . . . . . . Cloaking 291 | . . . . . . . . . . . . . . . . . . . . . . . . . . . . . . 291 . . . . Jamming 442 | . . . . 97 345 . . . . . . . . . . . . . . . . . . . . . . . . . . . . . ECM 1303 | . . . . . . . . . . . . . . . . . . 1 . 8 . . . . 299 . 600 8 387 . . . . . Robot Analysis Total 23 | . . . . . . 1 2 . 1 . . . . . . . . 4 . 1 . . 4 . 2 . 3 . 1 . . 2 1 1 Derelict Logs Recovered 6 | . . 1 . 1 . . . . . . . . . . . . . . . . 2 1 . 1 . . . . . . . . . . Drone Launches . | . . . . . . . . . . . . . . . . . . . . . . . . . . . . . . . . . . . Drone Recoveries . | . . . . . . . . . . . . . . . . . . . . . . . . . . . . . . . . . . . Exploration | -11 -10 -10 -9 -9 -8 -8 -8 -8 -6 -6 -6 -6 -6 -6 -6 -5 -5 -5 -5 -5 -5 -5 -5 -4 -4 -4 -3 -3 -3 -3 -3 -2 -2 -2 ------------- Run | Yrd Mat Min Mat Min Mat Sto Rec Scr Fac Was Fac Ext Cet Arc Hub Fac Was Fac Gar Fac Upp Upp Zhi Pro Fac Gar Res Gar Res Arm Lab Res Qua Frg Turns Passed 23971 | 56 1121 297 967 103 656 432 705 434 801 22 976 736 392 207 158 921 52 919 134 1048 128 74 48 80 1077 33 1220 89 888 413 74 207 151 8352 Spaces Moved 33217 | 57 1049 444 1561 285 842 580 504 1390 1969 80 2547 721 139 160 415 2037 138 1915 241 2098 286 242 146 203 2645 127 2632 147 1439 812 103 437 376 4450 Core 426 | 57 369 . . . . . . . . . . . . . . . . . . . . . . . . . . . . . . . . . Treads 227 | . . . . . . . . . . . . . 117 31 . . . . . . . . . . . . . . . . . . . 79 Legs 428 | . . . . . . . . . . . . 125 22 . . . . . . . . . . . . . . . . . . . . 281 Wheels 761 | . . . . . . . . . . . . . . . . . . . . . . . . . . . . . . . . . . 761 Hover 289 | . . . . . . . . . . . . 140 . 129 20 . . . . . . . . . . . . . . . . . . . Flight 31086 | . 680 444 1561 285 842 580 504 1390 1969 80 2547 456 . . 395 2037 138 1915 241 2098 286 242 146 203 2645 127 2632 147 1439 812 103 437 376 3329 Fastest Speed 16 | 50 32 32 29 34 28 26 27 27 21 24 21 25 120 52 23 17 33 24 24 26 29 29 25 25 16 16 16 25 22 23 24 21 24 17 Average Speed 31 | 50 39 33 33 34 31 27 27 27 23 24 24 62 154 103 25 24 33 30 31 32 29 29 27 25 19 17 23 25 25 23 24 23 24 49 Slowest Speed 267 | 50 112 37 120 34 34 28 27 28 99 24 28 150 190 196 56 39 33 113 37 37 29 29 29 25 267 19 25 25 28 25 24 24 24 200 Overloaded Moves 81 | . . . . . . . . . . . . . . . . . . . . . . . . . . . . . 3 . . 6 . 72 Propulsion Burnouts . | . . . . . . . . . . . . . . . . . . . . . . . . . . . . . . . . . . . Robots Hopped 305 | . 4 1 20 2 6 9 3 . 11 2 16 . . . 12 10 1 15 9 40 . . . . 20 1 12 . 23 4 . 28 5 51 Potential Cave-ins 36 | . . . . . . . . . . . . 7 . . . . . . . . . . . . . . . . . . . . . 29 Cave-ins Triggered 5 | . . . . . . . . . . . . . . . . . . . . . . . . . . . 1 . . 1 . . . 3 Teleports 1 | . . . . . . . . . . . . . . . . . . . . . . . . . . . . . . . . . . 1 Exploration Rate (%) 62 | 3 96 60 92 66 81 93 98 88 57 93 77 63 62 94 50 59 97 63 31 55 53 49 62 48 74 36 67 29 38 60 85 18 51 50 Regions Visited 34 Branch Regions 17 Pre-discovered Areas 25 | . 2 . 1 . 1 . 8 1 3 . 1 . . . . 1 . . . . 1 . 3 . 1 . 2 . . . . . . . Known Exits Taken 23 | . 1 1 1 1 1 1 . 1 . . 1 . . 1 1 . . 1 . 1 1 1 1 1 1 . 1 . 1 1 1 1 1 . Unknown Exits Taken 4 | 1 . . . . . . 1 . . . . 1 1 . . . . . . . . . . . . . . . . . . . . . Scrap Searched 16 | . . . . 3 . . . 6 . . . . . . . . . . . . 2 2 . 3 . . . . . . . . . . Spaces Dug 504 | . 13 3 30 . 18 11 . . 41 . 35 12 . . 4 29 . 27 7 35 1 . . 1 58 1 48 3 30 25 . 10 4 58 Terrain Destroyed 1213 | . 21 18 114 . 45 11 . . 42 . 35 41 . . 317 29 . 72 64 35 1 . . 1 58 1 48 3 36 48 . 10 4 159 Melee 445 | . 13 3 30 . 18 11 . . 41 . 34 6 . . 4 29 . 27 7 35 1 . . 1 58 1 48 3 25 25 . 10 4 11 Projectile 177 | . . . . . . . . . 1 . 1 15 . . 1 . . . . . . . . . . . . . 11 . . . . 148 AOE 591 | . 8 15 84 . 27 . . . . . . 20 . . 312 . . 45 57 . . . . . . . . . . 23 . . . . Terrain Rammed 1 | . . . . . . . . . . . . . . . . . . . . . . . . . . . . . . . . . . 1 Walls Destroyed . | . . . . . . . . . . . . . . . . . . . . . . . . . . . . . . . . . . . Machines Disabled . | . . . . . . . . . . . . . . . . . . . . . . . . . . . . . . . . . . . Actions | -11 -10 -10 -9 -9 -8 -8 -8 -8 -6 -6 -6 -6 -6 -6 -6 -5 -5 -5 -5 -5 -5 -5 -5 -4 -4 -4 -3 -3 -3 -3 -3 -2 -2 -2 --------- Run | Yrd Mat Min Mat Min Mat Sto Rec Scr Fac Was Fac Ext Cet Arc Hub Fac Was Fac Gar Fac Upp Upp Zhi Pro Fac Gar Res Gar Res Arm Lab Res Qua Frg Total 44807 | 72 1677 564 1880 287 1153 816 1070 1445 2187 80 2807 952 292 192 439 2356 142 2161 278 2356 316 245 152 229 3051 132 3141 188 1884 971 145 491 416 10240 Wait 9720 | 1 541 101 204 2 212 193 565 45 127 1 144 97 119 . 11 216 4 171 33 207 15 4 . 26 297 . 393 31 397 88 28 59 13 5375 Move 32622 | 56 1040 441 1520 280 829 561 497 1389 1947 76 2516 720 138 159 395 2017 135 1888 225 2020 285 241 145 202 2609 124 2607 146 1395 804 102 388 365 4360 Hop 257 | . 4 1 20 2 6 9 3 . 11 1 14 . . . 8 10 1 12 5 37 . . . . 16 1 12 . 20 3 . 20 5 36 Pick Up 132 | 2 7 1 7 . 11 2 1 3 3 1 8 . 1 2 2 7 2 7 . 6 . . 3 . 5 . 14 . 3 2 2 1 6 23 Fast Attach 278 | 4 6 . 9 2 7 . 1 1 11 . 9 8 12 8 7 17 . 9 . 21 2 . 2 . 15 . 10 . 5 6 6 3 3 94 Attach 111 | . 1 1 2 . 5 1 . . 4 1 5 3 1 3 2 4 . 2 2 7 3 . . . 4 . 9 1 7 3 1 3 3 33 Detach 54 | . 1 . . . 2 . 1 . 2 . 1 3 . . 1 2 . . 1 2 . . . . 2 1 2 1 4 1 . 2 . 25 Swap 145 | . 13 4 15 . 9 8 . 4 4 . 10 6 . 1 . 9 . 8 1 2 2 . . . 14 5 11 2 5 1 . . 3 8 Drop 256 | . 9 1 16 1 11 6 2 3 7 . 13 8 2 12 3 14 . 11 2 10 1 . 2 . 11 . 20 . 4 4 3 1 8 71 Fire 369 | 9 31 2 22 . 38 . . . 1 . 1 22 19 . 4 2 . 5 2 1 . . . . . . . 3 14 1 . 1 . 191 Melee 719 | . 24 12 65 . 23 20 . . 59 . 50 40 . 7 6 58 . 39 7 43 8 . . 1 78 1 63 4 30 36 3 13 10 19 Ram 1 | . . . . . . . . . . . . . . . . . . . . . . . . . . . . . . . . . . 1 Kick . | . . . . . . . . . . . . . . . . . . . . . . . . . . . . . . . . . . . Crush . | . . . . . . . . . . . . . . . . . . . . . . . . . . . . . . . . . . . Escape Stasis 103 | . . . . . . . . . 11 . 36 44 . . . . . 9 . . . . . . . . . . . . . . . 3 Rewire 23 | . . . . . . . . . . . . . . . . . . . . . . . . . . . . . . 22 . . . 1 Trap 17 | . . . . . . 16 . . . . . 1 . . . . . . . . . . . . . . . . . . . . . . Miscellaneous . | . . . . . . . . . . . . . . . . . . . . . . . . . . . . . . . . . . . Route ------- -11/Scrapyard -10/Materials (discovered 6 exits: *Mat x3 / *Min x2 / [*Sub]) -10/Mines -9/Materials (discovered 4 exits: *Mat x3 / *Min) -9/Mines -8/Materials (discovered 5 exits: *Fac x3 / *Sto x2) -8/Storage (discovered 2 exits: *Fac / *Rec) -8/Recycling (discovered 2 exits: *Fac / *Scr) -8/Scraptown (discovered 2 exits: *Fac x2) -6/Factory (discovered 8 exits: *Fac x4 / *Low x2 / Ext x2) -6/Waste -6/Factory (discovered 8 exits: *Fac x4 / *Low x2 / *Ext x2) -6/Extension (discovered 3 exits: *Fac x2 / *Cet) -6/Cetus (discovered 2 exits: Fac / *Arc) -6/Archives (discovered 2 exits: *Fac / *Hub) -6/Hub_04(d) (discovered 4 exits: *Fac x4) -5/Factory (discovered 6 exits: *Fac x4 / *Upp x2) -5/Waste -5/Factory (discovered 7 exits: *Fac x4 / Upp x2 / Gar) -5/Garrison (discovered 3 exits: *Fac x3) -5/Factory (discovered 3 exits: *Fac x2 / *Upp) -5/Upper Caves -5/Upper Caves (discovered 2 exits: Fac / *Zhi) -5/Zhirov -4/Proximity Caves -4/Factory (discovered 7 exits: *Res x4 / *Upp x2 / Gar) -4/Garrison (discovered 3 exits: *Res x3) -3/Research (discovered 8 exits: *Res x3 / Arm / Tes x2 / Gar / Gar) -3/Garrison (discovered 2 exits: *Res x2) -3/Research (discovered 6 exits: *Res x3 / *Arm / *Tes x2) -3/Armory -3/Lab -2/Research (discovered 4 exits: *Acc x2 / *Qua x2) -2/Quarantine (discovered 3 exits: *Acc / *Sec / *Frg) -2/Protoforge History --------- Turn | Location | Event 18 | -11/Scrapyard | Discovered new exit (range 15) 57 | -11/Scrapyard | Entered Materials 264 | -10/Materials | Discovered new exit (range 14) 426 | -10/Materials | Discovered new exit (range 12) 464 | -10/Materials | Discovered new exit (range 9) 511 | -10/Materials | Discovered new exit (range 3) 571 | -10/Materials | Discovered new exit (range 8) 633 | -10/Materials | Discovered new exit (range 16) 779 | -10/Materials | Learned location of 2 exits from Materials 838 | -10/Materials | Learned location of 3 exits from Materials 887 | -10/Materials | Identified exit to Materials 887 | -10/Materials | Identified exit to Mines 915 | -10/Materials | Build established: Sprinter 928 | -10/Materials | Loaded intel: 37 machine locations 979 | -10/Materials | Learned 2 Materials zone layouts 1009 | -10/Materials | Learned Storage garrison access intel 1048 | -10/Materials | Learned 4 Subcaves zone layouts 1095 | -10/Materials | Learned 4 Subcaves zone layouts 1178 | -10/Materials | Entered Mines 1242 | -10/Mines | Learned Materials security intel 1308 | -10/Mines | Assembled infested the area 1450 | -10/Mines | Discovered exit to Materials (range 15) 1475 | -10/Mines | Entered Materials 1475 | -9/Materials | Accompanied by 1 ally 1475 | -9/Materials | Evolved 2 slots: Propulsion x1, Utility x1 1476 | -9/Materials | Identified exit to Mines 1477 | -9/Materials | Identified exit to Materials 1480 | -9/Materials | Led the pair of lost Derelicts to an unsafe place 1593 | -9/Materials | Build established: Mutant 1799 | -9/Materials | Core integrity fell below 50% 1854 | -9/Materials | Repaired VTOL Module 2149 | -9/Materials | Build established: Sprinter 2275 | -9/Materials | Search patrols dispatched 2442 | -9/Materials | Entered Mines 2446 | -9/Mines | Met a Derelict shopkeep closing up shop 2477 | -9/Mines | Found a damaged Exp. Sensor Array with a note attached 2479 | -9/Mines | Found Prototype Device 2479 | -9/Mines | Identified Exp. Sensor Array 2483 | -9/Mines | Learned location of 1 exit from Materials 2539 | -9/Mines | Discovered exit to Materials (range 11) 2545 | -9/Mines | Entered Materials 2545 | -8/Materials | Evolved 2 slots: Propulsion x1, Utility x1 2546 | -8/Materials | Identified exit to Storage 2547 | -8/Materials | Identified exit to Factory 2631 | -8/Materials | Lost 5 parts (1n1u3w) 2814 | -8/Materials | Discovered exit to Storage (range 9) 2869 | -8/Materials | Learned Factory emergency access door positions 2983 | -8/Materials | Learned 4 Factory zone layouts 3002 | -8/Materials | Repaired Broken Exp. Sensor Array? 3019 | -8/Materials | Central database locked down 3027 | -8/Materials | Learned location of Storage (-8) 3063 | -8/Materials | Learned Factory stockpile data 3091 | -8/Materials | Learned 4 Lower Caves zone layouts 3180 | -8/Materials | Learned Factory recycling unit intel 3201 | -8/Materials | Entered Storage 3201 | -8/Storage | Accompanied by 1 ally 3202 | -8/Storage | Identified exit to Recycling 3203 | -8/Storage | Loaded intel: 1 garrison access location 3364 | -8/Storage | Learned 2 Lower Caves zone layouts 3396 | -8/Storage | Assisted by bots powering up and referring to "LRC-V3" 3408 | -8/Storage | Learned Factory fabricator intel 3441 | -8/Storage | Learned location of 2 exits from Lower Caves 3483 | -8/Storage | Learned location of 3 exits from Factory 3493 | -8/Storage | Lost 4 allies 3551 | -8/Storage | Learned Factory fabricator intel 3607 | -8/Storage | Used back door to open Recycling access 3633 | -8/Storage | Entered Recycling 3633 | -8/Recycling | Accompanied by 5 allies 3634 | -8/Recycling | Identified exit to Factory 3708 | -8/Recycling | Build established: Commander-Sprinter 3767 | -8/Recycling | Scanned before Scraplab entrance 3815 | -8/Recycling | Entered Scraplab 3817 | -8/Recycling | Discovered new exit (range 2) 3819 | -8/Recycling | Learned Factory terminal intel 4032 | -8/Recycling | Learned location of Zion (-7) 4085 | -8/Recycling | Learned Storage trap positions 4128 | -8/Recycling | Learned Storage emergency access door positions 4163 | -8/Recycling | Learned location of 3 exits from Factory 4208 | -8/Recycling | Learned location of 1 exit from Lower Caves 4261 | -8/Recycling | Learned Storage emergency access door positions 4322 | -8/Recycling | Learned location of 1 exit from Lower Caves 4338 | -8/Recycling | Entered Scraptown 4338 | -8/Scraptown | Accompanied by 4 allies 4338 | -8/Scraptown | System corruption cleaned by C-Scrubber 4412 | -8/Scraptown | Visited CR-KLE's Repair Center 4416 | -8/Scraptown | Visited Cyclists 4419 | -8/Scraptown | Visited Fellowship of the Rings 4425 | -8/Scraptown | Visited Comm Corps 4504 | -8/Scraptown | Visited UFD Registry 4504 | -8/Scraptown | Registered with UFD as "Spikecycle" 4508 | -8/Scraptown | Visited Scrapoid Research Area 4510 | -8/Scraptown | Visited IN-MT5's Study 4522 | -8/Scraptown | Entered Cyclist Reading Room 4543 | -8/Scraptown | Visited Supply Room 4549 | -8/Scraptown | Visited DA-N13 Charitable Foundation 4552 | -8/Scraptown | Found DCF Scrap (28 items) 4558 | -8/Scraptown | Received an X-ray algorithm 4590 | -8/Scraptown | Visited Curators Association 4600 | -8/Scraptown | Visited Derelict Rescue Squad 4602 | -8/Scraptown | Found DRS Beacon 4608 | -8/Scraptown | Visited Scrap Suit Storage 4611 | -8/Scraptown | Visited Supply Room 4618 | -8/Scraptown | Visited Research Penetration Think Tank 4625 | -8/Scraptown | Visited LU-1G1's Boring Crew 4633 | -8/Scraptown | Visited Botcube Research 4649 | -8/Scraptown | Discovered exit to Factory (range 5) 4717 | -8/Scraptown | Visited Symbiants 4755 | -8/Scraptown | Met Optimus 4755 | -8/Scraptown | Accepted into 0bPrime 4772 | -8/Scraptown | Entered Factory 4772 | -6/Factory | Accompanied by 4 allies 4772 | -6/Factory | Evolved 4 slots: Propulsion x2, Utility x2 4773 | -6/Factory | Identified exit to Extension 4774 | -6/Factory | Identified exit to Factory 4774 | -6/Factory | Identified exit to Lower Caves 4778 | -6/Factory | Loaded intel: 27 terminal locations 4779 | -6/Factory | Loaded intel: 6 fabricator locations 4780 | -6/Factory | Loaded intel: 8 recycling unit locations 4784 | -6/Factory | Discovered exit to Lower Caves (range 8) 4797 | -6/Factory | Build established: Hacker-Sprinter 4961 | -6/Factory | Loaded intel: 8 recycling unit locations 4990 | -6/Factory | Learned location of Protoforge (-2) 5118 | -6/Factory | Fabricated Surge Thruster? 5242 | -6/Factory | Found Prototype Processor 5242 | -6/Factory | Identified Exp. Targeting Computer 5398 | -6/Factory | Learned Hub_04(d) emergency access door positions 5459 | -6/Factory | Learned location of 2 exits from Archives 5467 | -6/Factory | Learned 4 Factory zone layouts 5485 | -6/Factory | Learned location of 1 exit from Extension 5515 | -6/Factory | Learned location of 1 exit from Hub_04(d) 5552 | -6/Factory | Build established: Hacker-Scout 5573 | -6/Factory | Manually triggered Chute Trap 5573 | -6/Factory | Sucked down chute 5573 | -6/Factory | Entered Waste 5574 | -6/Waste | Identified exit to Factory 5577 | -6/Waste | Spotted C-40 Crusher 5580 | -6/Waste | Spotted C-40 Crusher 5580 | -6/Waste | Spotted C-40 Crusher 5588 | -6/Waste | EMP discharged 5588 | -6/Waste | System corruption reached 10% 5588 | -6/Waste | Spotted C-40 Crusher 5588 | -6/Waste | Spotted C-40 Crusher 5595 | -6/Waste | Entered Factory 5598 | -6/Factory | Loaded intel: 6 fabricator locations 5670 | -6/Factory | Loaded intel: 8 recycling unit locations 5781 | -6/Factory | Repaired Graphene Brace 5951 | -6/Factory | Learned 4 Lower Caves zone layouts 5980 | -6/Factory | Discovered exit to Factory (range 16) 6062 | -6/Factory | Discovered exit to Extension (range 10) 6119 | -6/Factory | Learned location of 1 exit from Proximity Caves 6186 | -6/Factory | Learned location of 2 exits from Upper Caves 6203 | -6/Factory | Learned 2 Extension zone layouts 6231 | -6/Factory | Learned 4 Factory zone layouts 6271 | -6/Factory | Learned location of 1 exit from Lower Caves 6319 | -6/Factory | Learned Extension stockpile data 6345 | -6/Factory | Spotted B-75 Beast 6429 | -6/Factory | Lost 3 parts (2n1u) 6571 | -6/Factory | Entered Extension 6631 | -6/Extension | Rescued a captive Derelict 6643 | -6/Extension | Rescued a captive Derelict 6644 | -6/Extension | Rescued a captive Derelict 6718 | -6/Extension | Rescued a captive Derelict 6810 | -6/Extension | Rescued a captive Derelict 6833 | -6/Extension | Loaded intel: 2 recycling unit locations 6994 | -6/Extension | Learned 2 Lower Caves zone layouts 6996 | -6/Extension | Lost 6 allies 7002 | -6/Extension | Rescued A7 7094 | -6/Extension | Learned Extension stockpile data 7127 | -6/Extension | Learned location of 3 exits from Factory 7151 | -6/Extension | Learned 4 Proximity Caves zone layouts 7165 | -6/Extension | Learned location of 1 exit from Upper Caves 7187 | -6/Extension | Learned location of 1 exit from Cetus 7217 | -6/Extension | Learned location of 1 exit from Upper Caves 7254 | -6/Extension | Discovered exit to Factory (range 10) 7270 | -6/Extension | Discovered new exit (range 6) 7307 | -6/Extension | Entered Cetus 7307 | -6/Cetus | Accompanied by 8 allies (A7) 7312 | -6/Cetus | Acquired a Cetus Manufacturing Module code from A7 7336 | -6/Cetus | Spotted Cetus Guard 7336 | -6/Cetus | Spotted Cetus Guard 7337 | -6/Cetus | Spotted Cetus Guard 7339 | -6/Cetus | Spotted Cetus Guard 7355 | -6/Cetus | Destroyed Cetus Guard 7368 | -6/Cetus | Allies destroyed Cetus Guard 7369 | -6/Cetus | Destroyed Cetus Guard 7381 | -6/Cetus | Lost 7 allies 7383 | -6/Cetus | Allies destroyed Cetus Guard 7409 | -6/Cetus | Lost 7 parts (1p5n1w) 7499 | -6/Cetus | Started Cetus Manufacturing Module 7510 | -6/Cetus | Escorted A7 to Cetus Mainframe 7524 | -6/Cetus | Manufactured an Enhanced Grunt 7549 | -6/Cetus | Manufactured an Enhanced Grunt 7574 | -6/Cetus | Manufactured an Enhanced Grunt 7599 | -6/Cetus | Manufactured an Enhanced Grunt 7624 | -6/Cetus | Manufactured an Enhanced Grunt 7672 | -6/Cetus | Discovered new exit (range 15) 7699 | -6/Cetus | Entered Archives 7699 | -6/Archives | Accompanied by 6 allies (A7) 7700 | -6/Archives | Identified exit to Hub_04(d) 7704 | -6/Archives | Received a hacking code to weaken MAIN.C 7737 | -6/Archives | Met Zhirov 7743 | -6/Archives | Reinforcements dispatched to Archives 7751 | -6/Archives | Unable to access archive contents 7788 | -6/Archives | Reinforcements dispatched to Archives 7790 | -6/Archives | Zhirov warped through subspace 7808 | -6/Archives | Zhirov detonated Archives 7839 | -6/Archives | Lost 4 parts (1p2n1u) 7906 | -6/Archives | Entered Hub_04(d) 7975 | -6/Hub_04(d) | Spotted B-75 Beast 8017 | -6/Hub_04(d) | Network Hub disabled 8032 | -6/Hub_04(d) | Core integrity fell below 50% 8057 | -6/Hub_04(d) | Network Hub disabled 8064 | -6/Hub_04(d) | Entered Factory 8064 | -5/Factory | Evolved 2 slots: Propulsion x1, Utility x1 8065 | -5/Factory | Identified exit to Factory 8065 | -5/Factory | Identified exit to Upper Caves 8093 | -5/Factory | Lost 4 parts (3n1u) 8169 | -5/Factory | Discovered exit to Factory (range 15) 8217 | -5/Factory | Build established: Hacker-Sprinter 8281 | -5/Factory | Fabricated Imp. System Restoration Module? 8377 | -5/Factory | Loaded intel: 8 recycling unit locations 8398 | -5/Factory | Spotted B-75 Beast 8458 | -5/Factory | Discovered exit to Factory (range 15) 8473 | -5/Factory | Learned location of 2 exits from Research 8495 | -5/Factory | Repaired Field Propulsion Drive 8525 | -5/Factory | Repaired Field Propulsion Drive 8527 | -5/Factory | Learned 2 Upper Caves zone layouts 8545 | -5/Factory | Repaired Cesium-ion Thruster 8559 | -5/Factory | Fabricated L-41 Fighter? 8566 | -5/Factory | Repaired Cesium-ion Thruster 8566 | -5/Factory | Build established: Hacker-Scout 8571 | -5/Factory | Learned Armory garrison access intel 8592 | -5/Factory | Repaired Lgt. Fission Core 8605 | -5/Factory | Learned location of 1 exit from Research 8651 | -5/Factory | Discovered exit to Upper Caves (range 3) 8666 | -5/Factory | Learned Extension interactive machine intel 8697 | -5/Factory | Learned Quarantine stockpile data 8985 | -5/Factory | Manually triggered Chute Trap 8985 | -5/Factory | Sucked down chute 8985 | -5/Factory | Entered Waste 8986 | -5/Waste | Identified exit to Factory 8988 | -5/Waste | Spotted C-40 Crusher 8995 | -5/Waste | Spotted C-40 Crusher 9006 | -5/Waste | Spotted C-40 Crusher 9006 | -5/Waste | Spotted C-40 Crusher 9009 | -5/Waste | Spotted C-40 Crusher 9028 | -5/Waste | Spotted C-40 Crusher 9037 | -5/Waste | Entered Factory 9231 | -5/Factory | Loaded intel: 8 recycling unit locations 9297 | -5/Factory | Discovered exit to Factory (range 12) 9312 | -5/Factory | Discovered exit to Factory (range 13) 9314 | -5/Factory | Allied Derelicts emerged from ambush trap array 9364 | -5/Factory | Learned 4 Research zone layouts 9403 | -5/Factory | Learned location of 2 exits from Research 9430 | -5/Factory | Learned Research stockpile data 9455 | -5/Factory | Learned 4 Research zone layouts 9462 | -5/Factory | Learned Extension emergency access door positions 9509 | -5/Factory | Loaded intel: 97 trap records 9542 | -5/Factory | Spotted B-75 Beast 9714 | -5/Factory | Lost 3 parts (2n1u) 9771 | -5/Factory | Central database locked down 9881 | -5/Factory | Repaired Impulse Thruster Array 9937 | -5/Factory | First assault squad dispatched 9956 | -5/Factory | Identified exit to Garrison 9956 | -5/Factory | Entered Garrison 9957 | -5/Garrison | Identified exit to Factory 9984 | -5/Garrison | Build established: Hacker-Sprinter 9990 | -5/Garrison | Triggered checkpoint 10054 | -5/Garrison | Attempted to access garrison exit controls, blocked by remote lockdown 10058 | -5/Garrison | Destroyed 7 combat bots 10068 | -5/Garrison | Lost 4 parts (3n1w) 10074 | -5/Garrison | Triggered checkpoint 10090 | -5/Garrison | Entered Factory 10187 | -5/Factory | Loaded intel: 8 recycling unit locations 10213 | -5/Factory | Repaired Field Propulsion Drive 10277 | -5/Factory | Spotted B-75 Beast 10308 | -5/Factory | Learned Testing emergency access door positions 10312 | -5/Factory | Noticed a derelict Sapper rigging charges 10319 | -5/Factory | Fabricated Impulse Thruster Array? 10338 | -5/Factory | Learned Research trap positions 10360 | -5/Factory | Learned Research stockpile data 10374 | -5/Factory | Learned 4 Upper Caves zone layouts 10381 | -5/Factory | Learned 4 Extension zone layouts 10385 | -5/Factory | Learned Armory stockpile data 10397 | -5/Factory | Learned Testing emergency access door positions 10485 | -5/Factory | Discovered exit to Upper Caves (range 16) 10521 | -5/Factory | Build established: Hacker-Scout 10549 | -5/Factory | Discovered exit to Factory (range 10) 10699 | -5/Factory | Discovered exit to Factory (range 5) 10803 | -5/Factory | Core integrity fell below 50% 10826 | -5/Factory | Lost 3 parts (1n1u1w) 10990 | -5/Factory | Search patrols dispatched 11138 | -5/Factory | Entered Upper Caves 11139 | -5/Upper Caves | Identified exit to Upper Caves 11143 | -5/Upper Caves | Learned Factory terminal intel 11218 | -5/Upper Caves | Attracted the attention of an 0b10 checkpoint 11259 | -5/Upper Caves | Found Alien Artifact 11259 | -5/Upper Caves | Identified Core Expander 11259 | -5/Upper Caves | Installed Core Expander, added new Utility slot 11266 | -5/Upper Caves | Entered another Upper Caves area 11267 | -5/Upper Caves | Identified exit to Zhirov 11269 | -5/Upper Caves | Learned location of 1 exit from Factory 11273 | -5/Upper Caves | Encountered a Warlord checkpoint 11340 | -5/Upper Caves | Entered Zhirov 11340 | -5/Zhirov | Discovered new exit (range 3) 11357 | -5/Zhirov | Learned location of Testing (-3) 11363 | -5/Zhirov | Found Alien Artifact 11363 | -5/Zhirov | Identified Integrated Dissipator 11363 | -5/Zhirov | Installed Integrated Dissipator, increased core heat dissipation (+20) 11370 | -5/Zhirov | Found Alien Artifact 11388 | -5/Zhirov | Identified exit to Proximity Caves 11388 | -5/Zhirov | Entered Proximity Caves 11468 | -4/Proximity Caves | Entered Factory 11468 | -4/Factory | Evolved 2 slots: Power x1, Propulsion x1 11469 | -4/Factory | Identified exit to Research 11470 | -4/Factory | Identified exit to Upper Caves 11471 | -4/Factory | Loaded intel: 26 terminal locations 11483 | -4/Factory | Spotted B-86 Titan 11501 | -4/Factory | Spotted B-86 Titan 11502 | -4/Factory | Loaded intel: 8 recycling unit locations 11607 | -4/Factory | Repaired Neutrino Core 11626 | -4/Factory | Repaired Nuclear Pulse Thruster 11639 | -4/Factory | Discovered exit to Upper Caves (range 8) 11751 | -4/Factory | Learned 2 Upper Caves zone layouts 11753 | -4/Factory | Learned Testing garrison access intel 11755 | -4/Factory | Learned Research emergency access door positions 11756 | -4/Factory | Learned Quarantine non-interactive machine intel 11757 | -4/Factory | Learned Quarantine terminal intel 11762 | -4/Factory | Discovered exit to Research (range 3) 11766 | -4/Factory | Loaded intel: 259 non-interactive machine locations 11885 | -4/Factory | Build established: Hacker-Ninja 11924 | -4/Factory | Repaired Exp. Propulsion Shielding 11964 | -4/Factory | Discovered exit to Research (range 6) 12065 | -4/Factory | Fabricated Exp. Heat Sink (x1) 12255 | -4/Factory | Learned Research security intel 12282 | -4/Factory | Learned Research stockpile data 12300 | -4/Factory | Learned Testing trap positions 12307 | -4/Factory | Learned location of 1 exit from Research 12326 | -4/Factory | Learned location of 1 exit from Proximity Caves 12354 | -4/Factory | Learned Armory trap positions 12366 | -4/Factory | Fabricated Fusion Reactor (x1) 12522 | -4/Factory | Build established: Hacker-Scout 12545 | -4/Factory | Identified exit to Garrison 12545 | -4/Factory | Entered Garrison 12555 | -4/Garrison | Installed Relay Interface Framework 12568 | -4/Garrison | Spotted B-86 Titan 12570 | -4/Garrison | Triggered checkpoint 12578 | -4/Garrison | Entered Research 12578 | -3/Research | Evolved 2 slots: Utility x1, Weapon x1 12579 | -3/Research | Identified exit to Armory 12580 | -3/Research | Identified exit to Testing 12580 | -3/Research | Identified exit to Research 12582 | -3/Research | Loaded intel: 89 trap records 12730 | -3/Research | Identified Transdimensional Reconstructor 12918 | -3/Research | Crushed by falling debris 12993 | -3/Research | Loaded intel: 5 recycling unit locations 13103 | -3/Research | Learned Access security intel 13172 | -3/Research | Fabricated Q-thruster (x2) 13212 | -3/Research | Loaded intel: 103 non-interactive machine locations 13251 | -3/Research | Learned location of 3 exits from Research 13294 | -3/Research | Fabricated Exp. Propulsion Shielding (x1) 13301 | -3/Research | Learned Quarantine security intel 13312 | -3/Research | Learned location of 1 exit from Research 13313 | -3/Research | Repaired Exp. Propulsion Shielding? 13331 | -3/Research | Learned location of 1 exit from Research 13362 | -3/Research | Learned Access stockpile data 13399 | -3/Research | Identified exit to Garrison 13453 | -3/Research | Build established: Hacker-Ninja 13459 | -3/Research | Loaded intel: 148 machine locations 13500 | -3/Research | Spotted B-86 Titan 13667 | -3/Research | Fabricated Graviton Reactor (x1) 13779 | -3/Research | Identified exit to Garrison 13790 | -3/Research | Garrison activated, responded to threat 13798 | -3/Research | Entered Garrison 13798 | -3/Garrison | Accompanied by 1 ally 13799 | -3/Garrison | Identified exit to Research 13821 | -3/Garrison | Garrison Relay disabled 13875 | -3/Garrison | Spotted B-86 Titan 13884 | -3/Garrison | Discovered exit to Research (range 12) 13887 | -3/Garrison | Entered Research 13910 | -3/Research | Spotted B-86 Titan 13914 | -3/Research | Build established: Hacker-Sprinter 13919 | -3/Research | Loaded intel: 5 recycling unit locations 14364 | -3/Research | Repaired Fusion Reactor 14446 | -3/Research | Repaired Exp. Propulsion Shielding 14555 | -3/Research | Learned Research stockpile data 14588 | -3/Research | Spotted B-86 Titan 14618 | -3/Research | Learned Testing non-interactive machine intel 14670 | -3/Research | Learned Access stockpile data 14740 | -3/Research | Learned Testing garrison access intel 14758 | -3/Research | Learned location of 1 exit from Armory 14765 | -3/Research | Lost 3 parts (1n2u) 14775 | -3/Research | Entered Armory 14776 | -3/Armory | Identified exit to Lab 14777 | -3/Armory | Loaded intel: 51 trap records 15017 | -3/Armory | Loaded intel: 2 recycling unit locations 15124 | -3/Armory | Crushed by falling debris 15124 | -3/Armory | System corruption reached 10% 15155 | -3/Armory | Lost 4 parts (1n3u) 15188 | -3/Armory | Entered Lab 15188 | -3/Lab | Accompanied by 1 ally 15188 | -3/Lab | Discovered exit to Research (range 9) 15203 | -3/Lab | Unable to decrypt terminal 15203 | -3/Lab | Opened the door to a hidden lab 15204 | -3/Lab | Gained access to the hidden lab's interior 15218 | -3/Lab | Detected by scanners 15224 | -3/Lab | Found Alien Artifact 15224 | -3/Lab | Identified Integrated Reactor 15224 | -3/Lab | Installed Integrated Reactor, increased core energy generation (+10) 15229 | -3/Lab | Found Core Expander 15229 | -3/Lab | Installed Core Expander, added new Utility slot 15234 | -3/Lab | Found Prototype Hackware 15234 | -3/Lab | Identified Deep Network Scanner 15236 | -3/Lab | Found Prototype Protection 15236 | -3/Lab | Identified Exp. Powered Armor 15239 | -3/Lab | Found Prototype Energy Gun 15239 | -3/Lab | Identified Hyp. EM Gauss Rifle 15241 | -3/Lab | Found Prototype Energy Gun 15241 | -3/Lab | Identified Tachyon Dispersion Ray 15255 | -3/Lab | Found Transdimensional Reconstructor 15258 | -3/Lab | Found Alien Artifact 15262 | -3/Lab | Entered Research 15262 | -2/Research | Evolved 2 slots: Weapon x2 15293 | -2/Research | Fabricated Exp. Propulsion Shielding (x1) 15329 | -2/Research | Fabricated Graviton Reactor (x1) 15363 | -2/Research | Identified exit to Quarantine 15374 | -2/Research | Discovered new exit (range 8) 15394 | -2/Research | Spotted B-90 Cyclops 15459 | -2/Research | Discovered new exit (range 12) 15469 | -2/Research | Entered Quarantine 15469 | -2/Quarantine | Identified Core Reset Matrix 15469 | -2/Quarantine | Used Core Reset Matrix 15473 | -2/Quarantine | Detected hypermatrix surge 15473 | -2/Quarantine | Sensed 17 artifacts in vicinity 15477 | -2/Quarantine | Found Core Cannon 15502 | -2/Quarantine | Central database locked down 15510 | -2/Quarantine | Found Subatomic Replicator 15511 | -2/Quarantine | Used Subatomic Replicator to create Supercharged TR 15539 | -2/Quarantine | Found Dimensional Node Initializer 15543 | -2/Quarantine | Found Hpw. Transdimensional Reconstructor 15584 | -2/Quarantine | Discovered new exit (range 11) 15587 | -2/Quarantine | Identified exit to Access 15601 | -2/Quarantine | Spotted Fortress 15618 | -2/Quarantine | Discovered new exit (range 6) 15618 | -2/Quarantine | Discovered new exit (range 7) 15619 | -2/Quarantine | Identified exit to Section 7 15619 | -2/Quarantine | Identified exit to Protoforge 15620 | -2/Quarantine | Entered Protoforge 15621 | -2/Protoforge | Sensed 2 artifacts in vicinity 15692 | -2/Protoforge | Repaired Broken Graviton Reactor 15723 | -2/Protoforge | Superfortress began startup sequence 15729 | -2/Protoforge | Spotted Hotshot 15729 | -2/Protoforge | Spotted Hotshot 15740 | -2/Protoforge | Spotted EXE-6 15740 | -2/Protoforge | Spotted EXE-6 15741 | -2/Protoforge | Spotted SKR-2 15741 | -2/Protoforge | Spotted SKR-2 15742 | -2/Protoforge | Spotted SKR-2 15755 | -2/Protoforge | UFD initiated attack on Protoforge 15755 | -2/Protoforge | Loaded intel: 3 recycling unit locations 15760 | -2/Protoforge | Build established: Hacker-Scout 15761 | -2/Protoforge | Spotted EXE-6 15791 | -2/Protoforge | Optimus greeted in Protoforge 15791 | -2/Protoforge | Found Prototype Device 15791 | -2/Protoforge | Identified Exp. Kinecellerator 15793 | -2/Protoforge | Found Prototype Processor 15793 | -2/Protoforge | Identified Exp. Core Analyzer 15795 | -2/Protoforge | Found Prototype Processor 15795 | -2/Protoforge | Identified Exp. Armor Integrity Analyzer 15800 | -2/Protoforge | Initialized slip node 15806 | -2/Protoforge | Intercept squad dispatched 15813 | -2/Protoforge | Spotted Tracker 15813 | -2/Protoforge | Spotted Tracker 15839 | -2/Protoforge | Spotted Striker 15839 | -2/Protoforge | Spotted Striker 15844 | -2/Protoforge | Spotted Combat Programmer 15856 | -2/Protoforge | Lost 6 parts (2p1n3u) 15858 | -2/Protoforge | Spotted Combat Programmer 15889 | -2/Protoforge | Additional patrols dispatched to research labs 15892 | -2/Protoforge | Lost 8 allies 15893 | -2/Protoforge | Crushed by falling debris 15894 | -2/Protoforge | System corruption reached 10% 15896 | -2/Protoforge | Warped through subspace to slip node 15897 | -2/Protoforge | Met 7R-MNS 15902 | -2/Protoforge | Optimus attacked Superfortress 15924 | -2/Protoforge | Lost 3 parts (2n1u) 15929 | -2/Protoforge | Found Unknown Device 15954 | -2/Protoforge | Lost 3 allies 16021 | -2/Protoforge | Spotted Striker 16026 | -2/Protoforge | Crushed by falling debris 16031 | -2/Protoforge | Spotted Executioner 16035 | -2/Protoforge | Crushed by falling debris 16042 | -2/Protoforge | Found Prototype Device 16042 | -2/Protoforge | Identified Exp. Trap Extractor 16056 | -2/Protoforge | Found Unknown Device 16056 | -2/Protoforge | Identified Scrap Suit (x2) 16066 | -2/Protoforge | Lost 5 parts (1p2n2u) 16096 | -2/Protoforge | Destroyed Executioner 16112 | -2/Protoforge | Destroyed Striker 16173 | -2/Protoforge | Forge Plexus network access discovered 16268 | -2/Protoforge | Intercept squad dispatched 16375 | -2/Protoforge | Lost 5 allies 16404 | -2/Protoforge | Build established: Scavenger-Scrapper 16471 | -2/Protoforge | Spotted Overlord 16515 | -2/Protoforge | Spotted Executioner 16515 | -2/Protoforge | P-80 Master assimilated allied IX-EM0(E) 16540 | -2/Protoforge | Spotted Striker 16560 | -2/Protoforge | Spotted Striker 16571 | -2/Protoforge | Lost 4 allies 16578 | -2/Protoforge | Core integrity fell below 50% 16586 | -2/Protoforge | P-80 Master assimilated allied EJ-1SK(E) 16590 | -2/Protoforge | Spotted 02F05-K 16600 | -2/Protoforge | Spotted Striker 16622 | -2/Protoforge | Lost 4 allies 16622 | -2/Protoforge | Spotted Executioner 16625 | -2/Protoforge | Spotted Executioner 16626 | -2/Protoforge | Spotted Striker 16632 | -2/Protoforge | Triborg destroyed during the operation 16632 | -2/Protoforge | Optimus emerged from Triborg 16636 | -2/Protoforge | Spotted Striker 16673 | -2/Protoforge | Lost 9 allies 16729 | -2/Protoforge | Spotted Striker 16730 | -2/Protoforge | Spotted Executioner 16744 | -2/Protoforge | Intercept squad dispatched 16815 | -2/Protoforge | Spotted Tracker 16820 | -2/Protoforge | Build established: Scavenger-Sprinter 16845 | -2/Protoforge | Spotted Combat Programmer 16845 | -2/Protoforge | Spotted Executioner 16892 | -2/Protoforge | Spotted Striker 16892 | -2/Protoforge | Spotted Striker 16926 | -2/Protoforge | Lost 11 allies 16935 | -2/Protoforge | Spotted Executioner 17118 | -2/Protoforge | Spotted Striker 17122 | -2/Protoforge | Intercept squad dispatched 17135 | -2/Protoforge | Spotted Tracker 17135 | -2/Protoforge | Spotted Tracker 17136 | -2/Protoforge | Spotted Tracker 17146 | -2/Protoforge | P-80 Master assimilated allied 02FDC-D 17150 | -2/Protoforge | Spotted Executioner 17163 | -2/Protoforge | UFD reported confirmed Drillbomb installation 17172 | -2/Protoforge | Spotted Combat Programmer 17177 | -2/Protoforge | Spotted Combat Programmer 17181 | -2/Protoforge | Combat Programmer assimilated allied 02F19-K 17181 | -2/Protoforge | Spotted 02F19-K 17188 | -2/Protoforge | Lost 7 allies 17209 | -2/Protoforge | Lost 4 parts (1n3u) 17496 | -2/Protoforge | UFD reported confirmed Drillbomb installation 17718 | -2/Protoforge | Build established: Scavenger-Mutant 17797 | -2/Protoforge | Intercept squad dispatched 18074 | -2/Protoforge | Spotted Striker 18081 | -2/Protoforge | Spotted Executioner 18084 | -2/Protoforge | Spotted Executioner 18084 | -2/Protoforge | Spotted Executioner 18095 | -2/Protoforge | Spotted Executioner 18110 | -2/Protoforge | Found Exp. Core Analyzer 18146 | -2/Protoforge | Spotted Striker 18146 | -2/Protoforge | Spotted Executioner 18148 | -2/Protoforge | UFD reported confirmed Drillbomb installation 18149 | -2/Protoforge | Lost 10 allies 18191 | -2/Protoforge | Spotted Executioner 18196 | -2/Protoforge | Found Scrap Suit 18225 | -2/Protoforge | Spotted Executioner 18261 | -2/Protoforge | Lost 4 allies 18308 | -2/Protoforge | Spotted Striker 18309 | -2/Protoforge | Spotted Striker 18359 | -2/Protoforge | Spotted Executioner 18360 | -2/Protoforge | Intercept squad dispatched 18361 | -2/Protoforge | Spotted Executioner 18374 | -2/Protoforge | Spotted Tracker 18374 | -2/Protoforge | Spotted Tracker 18376 | -2/Protoforge | Spotted Tracker 18376 | -2/Protoforge | Spotted Tracker 18411 | -2/Protoforge | Spotted Combat Programmer 18412 | -2/Protoforge | Spotted Combat Programmer 18413 | -2/Protoforge | Spotted Combat Programmer 18414 | -2/Protoforge | Spotted Combat Programmer 18432 | -2/Protoforge | Spotted Striker 18436 | -2/Protoforge | Combat Programmer assimilated allied 02F49-K 18436 | -2/Protoforge | Spotted 02F49-K 18444 | -2/Protoforge | System corruption reached 30% 18450 | -2/Protoforge | Combat Programmer assimilated allied 02FIM-D 18479 | -2/Protoforge | Lost 14 allies 18704 | -2/Protoforge | Build established: Scavenger-Tank 21597 | -2/Protoforge | Found Scrap Suit 21625 | -2/Protoforge | Found Unknown Device 21626 | -2/Protoforge | Spotted Striker 21662 | -2/Protoforge | Intercept squad dispatched 21675 | -2/Protoforge | Lost 7 allies 21900 | -2/Protoforge | Build established: Scavenger-Scrapper 22106 | -2/Protoforge | Spotted Executioner 22122 | -2/Protoforge | Spotted Striker 22123 | -2/Protoforge | Spotted Executioner 22123 | -2/Protoforge | Spotted Executioner 22125 | -2/Protoforge | Spotted Executioner 22127 | -2/Protoforge | P-80 Master assimilated allied 02FXK-D 22128 | -2/Protoforge | Destroyed Striker 22130 | -2/Protoforge | Destroyed Executioner 22140 | -2/Protoforge | Destroyed Executioner 22161 | -2/Protoforge | Spotted Striker 22162 | -2/Protoforge | Destroyed 9 combat bots 22172 | -2/Protoforge | Spotted Executioner 22200 | -2/Protoforge | Lost 11 allies 22216 | -2/Protoforge | Spotted Executioner 22217 | -2/Protoforge | Spotted Executioner 22220 | -2/Protoforge | Spotted Striker 22223 | -2/Protoforge | Spotted Executioner 22244 | -2/Protoforge | Destroyed Striker 22292 | -2/Protoforge | Found Unknown Device 22292 | -2/Protoforge | Identified 0bPrime Scrap Suit (x2) 22297 | -2/Protoforge | Found 0bPrime Scrap Suit 22321 | -2/Protoforge | Lost 20 allies 22333 | -2/Protoforge | Spotted Striker 22394 | -2/Protoforge | Spotted Striker 22602 | -2/Protoforge | Spotted Executioner 22605 | -2/Protoforge | Core integrity fell below 20% 22629 | -2/Protoforge | Lost 5 allies 22734 | -2/Protoforge | Spotted Striker 22739 | -2/Protoforge | Spotted Striker 22745 | -2/Protoforge | Destroyed Striker 22751 | -2/Protoforge | Spotted Executioner 22756 | -2/Protoforge | P-80 Master assimilated allied 02FYQ-D 22783 | -2/Protoforge | Lost 4 allies 22808 | -2/Protoforge | Spotted Striker 22809 | -2/Protoforge | Spotted Striker 22811 | -2/Protoforge | Spotted Striker 22826 | -2/Protoforge | Spotted Striker 22828 | -2/Protoforge | Spotted Executioner 22841 | -2/Protoforge | Spotted Executioner 22842 | -2/Protoforge | Destroyed Striker 22842 | -2/Protoforge | Spotted Striker 22864 | -2/Protoforge | Lost 8 allies 22967 | -2/Protoforge | Intercept squad dispatched 23468 | -2/Protoforge | Lost 4 allies 23676 | -2/Protoforge | Spotted Executioner 23680 | -2/Protoforge | Spotted Executioner 23684 | -2/Protoforge | Destroyed Executioner 23686 | -2/Protoforge | P-80 Master assimilated allied DB-PTY(E) 23702 | -2/Protoforge | Spotted Striker 23719 | -2/Protoforge | Lost 13 allies 23746 | -2/Protoforge | Spotted Executioner 23747 | -2/Protoforge | Spotted Striker 23753 | -2/Protoforge | Destroyed Executioner 23772 | -2/Protoforge | Destroyed Striker 23804 | -2/Protoforge | Found UFD Drillbomb 23889 | -2/Protoforge | Spotted Executioner 23897 | -2/Protoforge | Spotted Executioner 23901 | -2/Protoforge | Destroyed Executioner 23914 | -2/Protoforge | Destroyed Executioner 23919 | -2/Protoforge | Spotted Striker 23921 | -2/Protoforge | Spotted Striker 23922 | -2/Protoforge | Lost 6 allies 23923 | -2/Protoforge | P-80 Master assimilated allied 02F**-D 23933 | -2/Protoforge | Spotted Executioner 23944 | -2/Protoforge | Destroyed Executioner 23947 | -2/Protoforge | Spotted Executioner 23952 | -2/Protoforge | Spotted Executioner 23954 | -2/Protoforge | P-80 Master assimilated allied 02F**-D 23972 | -2/Protoforge | Destroyed by Executioner with Helical Railgun Last Messages --------------- 23966_ 3N-KNF(j) destroyed. 23967_ Slug penetrates S-43 Plague. 23967_ Slug penetrates Wall. 23967_ Slug penetrates Earth. 23967_ Slug penetrates S-43 Plague. 23967_ S-43 Plague destroyed. 23967_ Slug penetrates Wall. 23969_ Ovr. Huge Scrapsphere repairs itself (+18). 23969_ Acquired 37 matter. 23970_ N-04 Retriever collects Unknown Storage. 23972_ N-04 Retriever collects Corrupted Ovr. Medium Treads. 23972_ N-04 Retriever collects Adv. Target Analyzer. 23972_ N-04 Retriever collects Lgt. Quantum Reactor. 23972_ Ovr. Huge Scrapsphere repairs itself (+13). 23972_ Acquired 27 matter. Map ----- +----------------------------------------------------+ | ??##????" ?##?????# #" """" " "" " [ %! % | | ??##???"" ?##?????# ## " " " " * " %!%| | | ??#* "" # ???### ## " " !!*[*^*!=*|* | | ?=!] "| [ # #??# # #" " [[[=[!|!*!!!! % | | !?"= %%%!" ## #; [%% " % %!%!=!*% % % | | ??%% *"%%!!!%[###";;;;;;!%%!="";;% % %%% % "%% %% | | = %%%!!!%%!%%%*%%%%% %*=%%*%%%%%%%%%%%%%%%%%%%%% | | *[ !|[]%%=%%%==!% %%/%%%*%% %%%%%%%%%%%%%%%%& % | | !% =!%%!%%%%m%s!%%i %%%%%%%%%= %%%%% %%%%%%%%[%% % | | !% %[!=%%%!!|=bggs%&%%&%%[%%%%% % %%%%%%&%%%%%%% | | /"" "%%%!!%;%!%%;;% %%=[!;%!%% "%%= %!%%%%=%*% % | | ! "%% % %E % ;; %= =**%% =%! % | | " % %;%% ;; [ " !![=; %!%%!! | | "% "% %;!=[! " * =!=%%%%%=%%% | | %" % ;;!%==; ##""[ ;%%%*%%[%]% | | %" ; b%;**%!; ##% =% %[%*==!% | | " **"%% ; % !;|%%%; " " " " ! % % % % | | " %!" *!% ;;%=&%! " #%%!! %%%% %% %% | | !=%[%!&=! "" ;; =!=; # [ % %% % % %%% | | "!]*=%!=%%=! " #;!=!%%;;;;### %!% ==% %% %%%% | | ![=%!%%%/!*""" ;%*% * % ! #!=%;=!|%[;% %%%%[ % | | %=*!!!%[=%[*! ;!! = % ;=!!=! ;[=![%!% %!%= | | !%!%[%%%%%!![#####[* % % %;%; % % %% % %%%%%% | | !%%![[&%%[=!% ; %& %%%% %% %%%%%%%%% %%% | | !!";==%%=!%%=%#*;[!;;;; ;%; %%%%%%%%%%SS %%%%% | | % [=![[%=%!%*%&%%| !%@[ n%A%%%%%% %%%%SS %%%%% | | !;]]!%!%!|!!!=!! ! ;;%%%% ; ; %s%%%% % | | &! ; !=%=[=[%!!=% =!!= ;%%%%% ; !! s %% [== | | =%& #!!!!%%%==!=[= "% ;%% ; != ;s%n!! [ | | !%!!%%!!b*%%!!% % ;%% ; !%;%%%!!== | | =%%%%=!%!%[%% %% %%%%;%% ! %%[= %%%!!*/ | | !!*!%!%[%%%%%%% *%% % %![%! %[ %%[ " | | ; =;#*%;;;###;##!%=;;# %= = # %%%%"" | | ; ##!%% #"##;%; %; %= !%[ "% " | | ##?#; % " % % # * ![[=%%%%"" | | ?? ?### # % # ;[!%%;%; ;*! % **" ! | | ?????### # % # ;*%!!!%%%%%== %%%%%" %! | | ########### ! "% %;/!=%!%%!%%%%% %%% ]! | | ########?#" " "%= ![%%=%%%%%*%=[%%%% %"%! | | ########?## %# !!%%=%=%%%%%%%%%%%%%% %%%%% | | ??????##?## # " =!%%%/*%%[% %=;%%% % | | ??????##?## # ;!!%==![== # = % % | | ??????##?## ### ;##;%%=[! "% % | | ??????##?## % "!%% i " " % ! | | ??????##?## " != " ; #### " % | | ??????##?#" % " %" %; ##??# "%" | | ########?##% % % " % [##### !%%" | | ########?## % " "%%"""#!%""*=#####"#"[ "" | | ##########* % "%% # #"%!%%! "% !""% | | !??[! ####"""""#+"""" ##?#=%=*!! % " %%" | +----------------------------------------------------+ Best States ------------- Heat Dissipation 179 Energy Generation 63 Energy Capacity 675 Matter Stores 300 Matter Capacity 300 Sight Range 23 Robot Scan Range 20 Terrain Scan Range 14 Terrain Scan Density 10 ECM Strength 2 Jamming Range 12 Cloak Strength 2 Power Amplification 30 Additional Mass Support 12 Corruption Block 8 Armor Coverage 550 Resistance: TH 20 Resistance: EM 15 Propulsion Shielding 90 Evasion (%) 79 Targeting Accuracy 8 Target Analysis 8 Core Analysis 8 Armor Integrity Analysis 50 Recoil Reduction 6 Offensive Hacking 53 Defensive Hacking 12 Authchip Count 2 Item Schematics ----------------- Adv. Heavy Siege Treads | -2/Quarantine | Hacked Exp. Core Analyzer | -2/Protoforge | Archive Adv. Matter Compressor | -2/Protoforge | Archive Exp. Matter Compressor | -2/Protoforge | Archive Ovr. Railgun | -2/Protoforge | Scanalyzed Robot Schematics ------------------ A-27 Freighter | -2/Protoforge | Archive Fabricated ------------ Surge Thruster | x2 | -6/Factory | Authchip Imp. System Restoration Module | x2 | -5/Factory | Authchip L-41 Fighter | x3 | -5/Factory | Preloaded Impulse Thruster Array | x1 | -5/Factory | Authchip Exp. Heat Sink | x1 | -4/Factory | Authchip Fusion Reactor | x1 | -4/Factory Q-thruster | x2 | -3/Research | Authchip Exp. Propulsion Shielding | x1 | -3/Research Graviton Reactor | x1 | -3/Research | Authchip Exp. Propulsion Shielding | x1 | -2/Research | Authchip Graviton Reactor | x1 | -2/Research | Authchip Repaired ---------- VTOL Module | 16% | -9/Materials Exp. Sensor Array | 17% | -8/Materials | Broken Graphene Brace | 14% | -6/Factory Field Propulsion Drive | 20% | -5/Factory Field Propulsion Drive | 30% | -5/Factory Cesium-ion Thruster | 28% | -5/Factory Cesium-ion Thruster | 32% | -5/Factory Lgt. Fission Core | 40% | -5/Factory Impulse Thruster Array | 20% | -5/Factory Field Propulsion Drive | 36% | -5/Factory Neutrino Core | 10% | -4/Factory Nuclear Pulse Thruster | 33% | -4/Factory Exp. Propulsion Shielding | 37% | -4/Factory Exp. Propulsion Shielding | 13% | -3/Research Fusion Reactor | 35% | -3/Research Exp. Propulsion Shielding | 41% | -3/Research Graviton Reactor | 16% | -2/Protoforge | Broken Alien Tech Used ----------------- Core Expander Integrated Dissipator Integrated Reactor Core Reset Matrix Subatomic Replicator Core Cannon Dimensional Node Initializer Supercharged TR Achievements -------------- None Challenges ------------ None Game ------ Seed HackingSensorPower Manual? 0 Play Time 09:25:31 Cumulative 434.5 hours Start 2025.08.07 @ 00:25:23 End 2025.08.08 @ 13:09:03 Sessions 8 Manual Loads 0 Difficulty Rogue Special Mode None Game No. 195 Rogue 195 Adventurer 0 Explorer 0 Win Type - Total 30 Types 12/2/5/2/5/1/0/2/0/1 Lore% 94 Gallery% 84 Achievement% 78 Wizard Run 0 Options --------- Layout 1 ASCII 0 Keyboard 0 Movement Numpad Keybinds 0 Fullscreen 1 Font 24/Smallcaps Map View 50x35 Zoom Use 0% Tactical HUD 1 Map Filters NONE Filters NONE Steam 1 RUN: c95511a4-b299-41cf-875b-06e3f4c847fb